 Dungeon Crawl Stone Soup version 0.31.0-10-gcf4a605ca0 (webtiles) character file.

Game seed: 14841343647429811389

2461212 Leszczynek the Crack Shot (level 25, 168/168 HPs)
             Began as a Deep Elf Gladiator on Jan 24, 2024.
             Was the Champion of Dithmenos.
             Escaped with the Orb
             ... and 4 runes on Jan 26, 2024!
             The game lasted 06:32:02 (61932 turns).

Leszczynek the Crack Shot (Deep Elf Gladiator)     Turns: 61932, Time: 06:32:02

Health: 168/168    AC: 23    Str: 23      XL:     25   Next: 48%
Magic:  45/45      EV: 33    Int: 23      God:    Dithmenos [******]
Gold:   1036       SH:  7    Dex: 27 (28) Spells: 6/56 levels left

rFire   + . .        c - +5 hand cannon (freeze)
rCold   + . .        j - +0 buckler {rF+}
rNeg    . . .        k - +1 acid dragon scales
rPois   +            t - +2 helmet of the Nice God {Rampage rPois Will++ Dex+3}
rElec   .            d - +2 cloak of the Thief {*Fog Slay-2 SInv Stlth+}
rCorr   +            A - +2 pair of gloves
SInv    +            s - +2 pair of boots "Matwia" {Regen+}
Will    +++++        U - amulet "Xussunes" {Regen+ Str+4 Dex+3}
Stlth   ++++         z - ring of Eternal Harmony {rC+ Will+}
HPRegen 2.08/turn    F - ring "Ivotuit" {^Drain EV+5 Int+7 Slay+5}
MPRegen 0.29/turn

%: rampage
@: wreathed by umbra, studying Stealth
A: deterioration 1, strong 2, inability to drink after injury 2, persistent
drain
0: Orb of Zot
}: 4/15 runes: serpentine, barnacled, slimy, silver
a: Renounce Religion, Shadow Step, Shadow Form


You escaped.
You worshipped Dithmenos.
Dithmenos was exalted by your worship.
You visited 11 branches of the dungeon, and saw 53 of its levels.
You visited 3 bazaars.
You also visited: Sewer and Gauntlet.

You collected 7911 gold pieces.
You spent 6875 gold pieces at shops.

Inventory:

Hand Weapons
 a - a +9 longbow of flaming
 c - a +5 hand cannon of freezing (weapon)
Armour
 d - the +2 cloak of the Thief (worn) {*Fog Slay-2 SInv Stlth+}
   (You found it on level 1 of the Depths)

   *Fog:      It may release a thick cloud of smoke when the wearer is hurt.
   Slay-2:    It affects your accuracy & damage with ranged weapons and melee
   (-2).
   SInv:      It lets you see invisible.
   Stlth+:    It makes you more stealthy.
 j - a +0 buckler of fire resistance (worn)
 k - +1 acid dragon scales (worn)
 s - the +2 pair of boots "Matwia" (worn) {Regen+}
   (You bought it in a shop on level 12 of the Dungeon)

   Regen+:    It increases your rate of health regeneration.
 t - the +2 helmet of the Nice God (worn) {Rampage rPois Will++ Dex+3}
   (You found it in a Gauntlet)

   Dex+3:     It affects your dexterity (+3).
   rPois:     It protects you from poison Will++: It greatly increases your
   willpower.
   Rampage:   It bestows one free step when moving towards enemies.
 x - a +2 cloak of willpower
 A - a +2 pair of gloves (worn)
Jewellery
 g - the ring "Nalira" {SInv Stlth+}
   (You took it off a deep elf demonologist on level 3 of the Elven Halls)

   [ring of see invisible]

   SInv:      It lets you see invisible.
   Stlth+:    It makes you more stealthy.
 n - a ring of positive energy
 z - the ring of Eternal Harmony (left hand) {rC+ Will+}
   (You found it on level 5 of the Pits of Slime)

   [ring of protection from cold]

   rC+:       It protects you from cold.
   Will+:     It increases your willpower.
 F - the ring "Ivotuit" (right hand) {^Drain EV+5 Int+7 Slay+5}
   (You bought it in a shop on level 2 of the Orcish Mines)

   [ring of evasion]

   EV+5:      It affects your evasion (+5).
   Int+7:     It affects your intelligence (+7).
   Slay+5:    It affects your accuracy & damage with ranged weapons and melee
   (+5).
   ^Drain:    It drains your maximum health when unequipped.
 M - the ring "Osecap" {rPois rCorr Dex+2}
   (You took it off a vault sentinel on level 5 of the Vaults)

   [ring of resist corrosion]

   Dex+2:     It affects your dexterity (+2).
   rPois:     It protects you from poison rCorr: It protects you from acid and
   corrosion.
 O - the ring "Vate Boema" {rElec AC+4}
   (You bought it in a shop on level 2 of the Depths)

   [ring of protection]

   AC+4:      It affects your AC (+4).
   rElec:     It insulates you from electricity.
 U - the amulet "Xussunes" (around neck) {Regen+ Str+4 Dex+3}
   (You bought it in a shop in a bazaar)

   [amulet of regeneration]

   Str+4:     It affects your strength (+4).
   Dex+3:     It affects your dexterity (+3).
   Regen+:    It increases your rate of health regeneration.
 V - the ring "Rusyetitig" {Wiz rElec Int+4 Dex-3 Stlth+}
   (You bought it in a shop in a bazaar)

   [ring of wizardry]

   Wiz:       It improves your spell success rate.
   Int+4:     It affects your intelligence (+4).
   Dex-3:     It affects your dexterity (-3).
   rElec:     It insulates you from electricity.
   Stlth+:    It makes you more stealthy.
 X - a ring of protection from fire
Wands
 e - a wand of iceblast (42)
 f - a wand of mindburst (19)
 i - a wand of polymorph (19)
 H - a wand of acid (22)
 L - a wand of digging (22)
 Q - a wand of paralysis (26)
Scrolls
 h - 3 scrolls of blinking
 l - 5 scrolls of poison
 o - 15 scrolls of teleportation
 p - 5 scrolls of fog
 y - 3 scrolls of vulnerability {!r}
 N - 6 scrolls of torment {!r}
 S - 2 scrolls of summoning
 W - 7 scrolls of fear
 Y - 4 scrolls of brand weapon
Potions
 q - 19 potions of curing {@q1}
 u - 4 potions of resistance
 v - 2 potions of brilliance
 B - 10 potions of invisibility
 C - 7 potions of ambrosia
 D - 11 potions of cancellation
 I - 8 potions of enlightenment
 J - 4 potions of haste
 K - 5 potions of magic
 R - 5 potions of heal wounds {@q2}
Miscellaneous
 b - a box of beasts
 m - a tin of tremorstones (2/2)
 E - a phantom mirror
 G - a lightning rod (4/4)
 Z - a phial of floods


   Skills:
 - Level 20.0 Fighting
 - Level 9.8 Staves
 - Level 24.1 Ranged Weapons
 - Level 2.0 Throwing
 - Level 9.0 Armour
 * Level 16.9 Dodging
 - Level 12.0 Stealth
 - Level 7.0 Shields
 - Level 16.0 Spellcasting
 - Level 21.0 Hexes
 - Level 5.0 Necromancy
 - Level 12.5 Translocations
 - Level 3.0 Earth Magic
 - Level 5.0 Alchemy
 - Level 12.0 Invocations
 - Level 17.2 Evocations


You had 6 spell levels left.
You knew the following spells:

 Your Spells              Type           Power      Damage    Failure   Level
a - Fugue of the Fallen   Necr           41%        N/A       1%          3
c - Enfeeble              Hex            43%        N/A       1%          7
d - Passage of Golubria   Tloc           66%        N/A       1%          4
e - Tukima's Dance        Hex            86%        N/A       0%          3
f - Dispersal             Tloc           33%        N/A       3%          6
m - Cause Fear            Hex            43%        N/A       0%          4
q - Passwall              Erth           32%        N/A       3%          3
w - Dimensional Bullseye  Hex/Tloc       38%        N/A       1%          4
x - Yara's Violent Unrav  Hex/Alch       34%        3d14      1%          5
A - Apportation           Tloc           100%       N/A       1%          1
B - Blink                 Tloc           100%       N/A       1%          2
O - Discord               Hex            43%        N/A       4%          8

Your spell library contained the following spells:

 Spells                   Type           Power      Damage    Failure   Level
 Jinxbite                 Hex            100%       N/A       0%          2
 Sigil of Binding         Hex            86%        N/A       0%          3
 Sandblast                Erth           64%        2d14      1%          1
 Cigotuvi's Dreadful Rot  Necr/Alch/Air  66%        N/A       1%          2
 Ensorcelled Hibernation  Hex/Ice        100%       N/A       1%          2
 Lesser Beckoning         Tloc           100%       N/A       1%          2
 Momentum Strike          Conj/Tloc      94%        3d10      1%          2
 Anguish                  Hex/Necr       33%        N/A       1%          4
 Manifold Assault         Tloc           66%        N/A       1%          4
 Silence                  Hex/Air        30%        N/A       1%          5
 Summon Mana Viper        Hex/Summ       61%        N/A       1%          5
 Mercury Vapours          Alch/Air       60%        N/A       2%          2
 Iskenderun's Mystic Bla  Conj/Tloc      47%        2d10      3%          4
 Vhi's Electric Charge    Tloc/Air       94%        N/A       3%          4
 Foxfire                  Conj/Fire      72%        2x1d7     4%          1
 Magic Dart               Conj           72%        1d6       4%          1
 Summon Small Mammal      Summ           72%        N/A       4%          1
 Dispel Undead            Necr           41%        3d16      5%          4
 Call Imp                 Summ           36%        N/A       6%          2
 Scorch                   Fire           36%        2d6       6%          2
 Searing Ray              Conj           36%        2d5       6%          2
 Mephitic Cloud           Conj/Alch/Air  26%        N/A       6%          3
 Leda's Liquefaction      Alch/Erth      18%        N/A       9%          4
 Summon Forest            Summ/Tloc      23%        N/A       9%          5
 Call Canine Familiar     Summ           18%        N/A       13%         3
 Ozocubu's Armour         Ice            18%        N/A       13%         3
 Summon Ice Beast         Ice/Summ       18%        N/A       13%         3
 Swiftness                Air            18%        N/A       13%         3
 Fulminant Prism          Conj/Alch      15%        3d10      16%         4
 Ignite Poison            Fire/Alch      30%        N/A       16%         4
 Martyr's Knell           Necr/Summ      29%        N/A       16%         4
 Alistair's Intoxication  Alch           27%        N/A       16%         5
 Brom's Barrelling Bould  Conj/Erth      25%        2d5       22%         4
 Borgnjor's Vile Clutch   Necr/Erth      18%        N/A       22%         5
 Lee's Rapid Deconstruct  Erth           16%        3d10*     34%         5
 Flame Wave               Conj/Fire      18%        2d7       38%         4
 Summon Blazeheart Golem  Fire/Summ      18%        N/A       38%         4
 Summon Lightning Spire   Summ/Air       18%        N/A       38%         4
 Death Channel            Necr           20%        N/A       63%         6
 Eringya's Noxious Bog    Alch           20%        4d6       63%         6
 Arcjolt                  Conj/Air       9%         1d19      75%         5
 Fireball                 Conj/Fire      9%         3d6       75%         5
 Freezing Cloud           Conj/Ice/Air   9%         6-21      75%         5
 Iskenderun's Battlesphe  Conj           18%        2d7       75%         5
 Bombard                  Conj/Erth      12%        9d3       98%         6
 Conjure Ball Lightning   Conj/Air       9%         3x3d6     100%        6
 Plasma Beam              Fire/Air       9%         2x1d19    100%        6
 Starburst                Conj/Fire      9%         6d5       100%        6
 Summon Cactus Giant      Summ           9%         N/A       100%        6
 Disjunction              Tloc           33%        N/A       86%         8
 Haunt                    Necr/Summ      14%        N/A       100%        7
 Monstrous Menagerie      Summ           9%         N/A       100%        7
 Orb of Destruction       Conj           9%         9d6       100%        7
 Spellforged Servitor     Conj/Summ      9%         N/A       100%        7
 Summon Hydra             Summ           9%         N/A       100%        7
 Borgnjor's Revivificati  Necr           20%        N/A       100%        8
 Lehudib's Crystal Spear  Conj/Erth      12%        10d4      100%        8
 Summon Horrible Things   Summ           9%         N/A       100%        8
 Death's Door             Necr           20%        N/A       100%        9
 Dragon's Call            Summ           9%         N/A       100%        9


Dungeon Overview and Level Annotations

Branches:
Dungeon (15/15)            Temple (1/1) D:6            Lair (5/5) D:11
 Shoals (4/4) Lair:2        Snake (4/4) Lair:3        Slime (5/5) Lair:5
    Orc (2/2) D:10            Elf (3/3) Orc:2        Vaults (5/5) D:14
  Crypt (0/3) Vaults:2     Depths (4/4) D:15            Zot (5/5) Depths:4
  Sewer (visited)         Gauntlet (visited)

Altars:
Ashenzari
Cheibriados
Dithmenos
Elyvilon
Fedhas
Gozag
Hepliaklqana
Kikubaaqudgha
Makhleb
Nemelex Xobeh
Okawaru
Qazlal
Ru
Sif Muna
Trog
Uskayaw
Vehumet
Wu Jian
Xom
Yredelemnul
Zin
The Shining One
Lugonu

Shops:
D:3 *   D:11 (   D:12 [[=(=   D:13 (   Orc:2 [=?[   Elf:2 [:   Shoals:1 (:[:*
Shoals:4 *   Snake:1 [   Snake:3 =:((   Vaults:5 =:!:   Depths:2 :=:

Portals:
Hell: Depths:2 Depths:3 Depths:4
Abyss: Lair:5 Depths:3
Pandemonium: Depths:2
Ziggurat: Depths:4
Trove: D:14 (give +4 storm dragon scales)

Annotations:
D:2 1 exclusion, Natasha, Sigmund
D:3 exclusion: statue
D:4 excluded Pikel, Ijyb with /mindburst
D:6 exclusion: 4 killer bees
D:8 exclusion: two-headed ogre
D:13 3 runed translucent doors, Feec's ghost, journeyman MiBe
D:14 trove: +4 storm DS
Snake:4 Roxanne
Vaults:2 Margery; Nikola
Vaults:3 Mara
Depths:2 Josephina; Sojobo
Zot:5 exclusion: upstairs


Innate Abilities, Weirdness & Mutations

Your body sometimes deteriorates upon taking damage.
Your muscles are very strong. (Str +8, Int/Dex -2)
You sometimes lose the ability to drink potions when taking damage.
Your health recovers twice as slowly from being drained.


Message History

The bolt freezes the Orb Guardian.
The Orb Guardian is heavily wounded.
Your shadow shoots a bolt.
The bolt barely misses the Orb Guardian.
The Orb Guardian is lost in a daze.
You block the Orb Guardian's attack.
You shoot a bolt.
The bolt barely misses the Orb Guardian.
The Orb Guardian hits you but does no damage.
You shoot a bolt. The bolt hits the Orb Guardian!!
The bolt freezes the Orb Guardian!
You kill the Orb Guardian!
Dithmenos accepts your kill.
You feel your intelligence returning.
No target in view!
What level of the Dungeon? (default 1, ? - help)
A cherub comes into view.
It is wielding a +0 long sword of flaming.
A reaper and a demonspawn corrupter come into view.
The reaper is wielding a +1 scythe of flaming.
The reaper moves out of view.
There is a stone staircase leading up here.
Magic courses through your body.
You climb upwards.
Level annotation: exclusion: statue
There is a stone staircase leading down here.
You see here a +0 whip.
You see here a +0 dagger.
There is a stone staircase leading up here.
You climb upwards.
Level annotation: 1 exclusion, Natasha, Sigmund
There is a stone staircase leading down here.
You see here a +0 falchion.
There is a stone staircase leading up here.
You climb upwards.
There is a stone staircase leading down here.
There is an open door here.
You open the door.
There is an open door here.
There is an open door here.
There is a staircase leading out of the dungeon here.
You have escaped!

#..#.....#........
#.##..(..#..(.....
#'##.......##+#...
#.##..............
#'##....##.##.#...
#.##..........#...
##'###....##..###..
########...#####.###.# ###
#..'.'.'.@.'.'.'.# #.###
#.######...#########...###
##.### ##'##..............
#....# #.##.#########...#
#....# #'##.# ######'#
#....# #.##.# #.......
#....#####'##.# #.......
#.......÷.....# #.......
#.......##.#### #.......


There were no monsters in sight!

Vanquished Creatures
  the Royal Jelly (Slime:5)
  Dissolution (Slime:3)
  4 dread liches (Zot:5)
  7 ancient liches
  2 orbs of fire (Zot:5)
  3 Killer Klowns (Zot:5)
  A caustic shrike (Depths:2)
  A curse toe (Depths:4)
  11 golden dragons
  2 bone dragons (Depths:4)
  Jorgrun (Shoals:3)
  A walking crystal tome (Depths:2)
  3 electric golems
  17 tentacled monstrosities
  2 deep elf master archers (Elf:3)
  A lich (Vaults:5)
  3 quicksilver dragons
  A walking divine tome (Depths:3)
  A searing wretch (Vaults:2)
  14 acid blobs
  4 titans
  27 Orb Guardians
  3 deep elf blademasters (Elf:3)
  11 sphinxes
  Polyphemus (Shoals:3)
  4 death cobs
  Agnes (Snake:3)
  9 tengu reavers
  6 storm dragons
  5 shadow dragons
  10 fire giants
  Aizul (Elf:2)
  4 azure jellies
  Ilsuiw (Shoals:3)
  A draconian monk (Depths:4)
  4 frost giants
  5 rockslimes
  2 protean progenitors
  14 nagarajas
  A draconian shifter (Zot:5)
  7 deep elf sorcerers
  22 vault wardens
  A draconian scorcher (Depths:4)
  6 iron dragons
  Louise (Snake:3)
  2 deep elf elementalists (Elf:3)
  4 ghost moths
  A balrug (Depths:3)
  15 ironbound preservers
  An orc warlord (Vaults:3)
  A draconian annihilator (Zot:3)
  A draconian stormcaller (Zot:5)
  3 formless jellyfish
  7 quicksilver oozes
  25 very ugly things
  12 stone giants
  4 green draconians
  8 ironbound thunderhulks
  8 deep elf demonologists
  A caustic shrike skeleton (Depths:3)
  A purple draconian (Zot:4)
  6 vampire knights
  Nessos (Lair:4)
  5 deep elf annihilators (Elf:3)
  4 deep elf death magi
  4 black draconians
  3 red draconians
  4 white draconians
  2 dire elephants (Vaults:4)
  7 spark wasps
  5 war gargoyles
  A minotaur (Gauntlet)
  4 yellow draconians
  Snorg (D:11)
  An eidolon (Depths:3)
  11 ettins
  A quicksilver dragon zombie (Depths:3)
  7 yaktaur captains
  13 fire dragons
  4 merfolk javelineers
  A green death (Zot:2)
  3 entropy weavers
  6 merfolk impalers
  10 great orbs of eyes
  7 vault guards
  11 deep elf high priests
  9 hydras
  2 rakshasas (Depths:2)
  10 ironbound frosthearts
  2 hell beasts
  A catoblepas (Shoals:3)
  6 spriggan air magi
  2 merfolk avatars (Shoals:4)
  3 ogre magi
  Erolcha (Orc:1)
  A salamander tyrant (Snake:4)
  A juggernaut simulacrum (Depths:2)
  3 alligator snapping turtles
  10 ice dragons
  A peacekeeper (Vaults:4)
  8 anacondas
  2 merfolk aquamancers
  8 centaur warriors
  6 tengu warriors
  2 jorogumos (Zot:2)
  9 two-headed ogres
  3 boulder beetles
  2 death knights (Vaults:2)
  A vampire mage (Depths:2)
  A sphinx skeleton (Depths:3)
  3 death yaks (Shoals:3)
  28 dancing weapons
  2 satyrs (Shoals:3)
  12 deep troll shamans
  11 naga warriors
  9 deep troll earth magi
  An occultist (Depths:1)
  3 thrashing horrors (Lair:5)
  3 spriggan berserkers (Depths:4)
  8 hell knights
  13 shock serpents
  A sun demon (Depths:2)
  17 naga sharpshooters
  10 deep elf knights
  3 skysharks
  7 iron trolls
  A salamander mystic (Depths:1)
  A death drake (shapeshifter) (Vaults:5)
  6 glowing orange brains
  53 deep trolls
  2 large abominations (Lair:5)
  2 quicksilver dragon simulacra
  4 deep elf archers
  4 mana vipers
  6 naga ritualists
  8 orc knights
  15 sea snakes
  9 arcanists
  2 flayed ghosts
  26 harpies
  A steelbarb worm (shapeshifter) (Vaults:5)
  12 ironbound convokers
  5 necromancers
  A shadow dragon zombie (Depths:3)
  A spriggan simulacrum (Depths:1)
  2 harpies (shapeshifter)
  An obsidian statue (Zot:5)
  10 lindwurms
  10 phantasmal warriors
  22 deep elf zephyrmancers
  A mana viper (shapeshifter) (Depths:2)
  An iron dragon zombie (Depths:3)
  22 deep elf pyromancers
  25 ugly things
  3 wolf spiders
  6 shining eyes
  A wolf spider (shapeshifter) (Vaults:5)
  16 fauns
  9 moths of wrath
  A faun (shapeshifter) (Vaults:5)
  13 salamanders
  5 cyclopes
  28 manticores
  An orc sorcerer (Elf:1)
  12 merfolk sirens
  An iron dragon skeleton (Depths:3)
  7 elephants
  3 kobold blastminers
  3 meliai (D:13)
  27 black mambas
  6 guardian serpents
  16 vault sentinels
  An elephant (shapeshifter) (D:15)
  5 water nymphs
  2 eyes of devastation
  10 naga magi
  A storm dragon simulacrum (Depths:2)
  13 cane toads
  A torpor snail (shapeshifter) (Depths:3)
  A spriggan zombie (Depths:1)
  3 smoke demons (Lair:5)
  2 unseen horrors (D:11)
  A gargoyle (D:14)
  Jeremiah (D:8)
  4 rime drakes
  2 kobold demonologists
  An unseen horror (shapeshifter) (D:15)
  A yaktaur (shapeshifter) (Elf:2)
  A spark wasp simulacrum (Depths:3)
  11 komodo dragons
  A freezing wraith (Vaults:5)
  28 yaktaurs
  2 efreet
  2 tengu conjurers (Depths:2)
  A queen bee (shapeshifter) (Lair:5)
  22 merfolk
  A polar bear (shapeshifter) (Lair:5)
  5 trolls
  A tarantella (Vaults:1)
  5 polar bears
  A wind drake (Shoals:4)
  2 dream sheep
  6 glass eyes
  2 raiju (Lair:5)
  34 blink frogs
  A raiju (shapeshifter) (Lair:5)
  126 slime creatures
  A frost giant simulacrum (Depths:2)
  6 snapping turtles
  A spriggan (Lair:5)
  23 water elementals
  3 fire elementals
  A vampire (D:11)
  2 wraiths
  5 wyverns
  5 wargs (Orc:2)
  28 yaks
  5 basilisks
  A golden eye (shapeshifter) (D:15)
  2 steam dragons
  A redback (shapeshifter) (Vaults:5)
  8 vampire mosquitoes
  Grum (D:8)
  7 golden eyes
  2 redbacks (Gauntlet)
  38 nagas
  A chaos spawn (Lair:5)
  A glowing shapeshifter zombie (Depths:1)
  3 acid dragons
  A human zombie (Depths:1)
  13 small abominations (Lair:5)
  34 water moccasins
  11 hell hounds
  24 orc warriors
  6 black bears
  A sky beast (shapeshifter) (D:14)
  2 sky beasts
  4 laughing skulls
  10 ogres
  7 wolves
  3 boggarts (D:15)
  A crocodile (Sewer)
  15 centaurs
  4 phantoms
  A lemure (D:4)
  6 kobold brigands
  Blork the orc (D:4)
  4 scorpions
  12 bullfrogs
  5 gnoll sergeants
  4 earth elementals
  A wight (D:8)
  15 killer bees
  3 electric eels
  A howler monkey (D:8)
  4 lava snakes (Lair:3)
  2 bombardier beetles
  2 jellies
  4 hounds
  6 orc priests
  4 gnoll boudas
  Jessica (D:2)
  2 iguanas (D:4)
  Ijyb (D:4)
  14 orc wizards
  5 hell rats
  53 gnolls
  18 adders
  A shadow imp (D:7)
  A white imp (D:6)
  4 ufetubi
  2 dart slugs
  2 ribbon worms
  109 orcs
  4 bats
  8 endoplasms
  4 giant cockroaches (D:4)
  3 goblins
  11 hobgoblins
  17 jackals
  38 kobolds
  3 quokkas
  4 ball pythons
  5 frilled lizards
  6 rats
  A spectral weapon (Zot:5)
2054 creatures vanquished.

Vanquished Creatures (collateral kills)
  Vv (Zot:3)
  A tentacled monstrosity (Zot:3)
  2 acid blobs (Slime:5)
  5 rockslimes (Slime:5)
  2 azure jellies (Slime:5)
  3 quicksilver oozes (Slime:5)
  A spriggan defender (Depths:2)
  2 deep elf high priests (Vaults:5)
  A fire dragon (Depths:2)
  A yaktaur captain (Vaults:5)
  21 vault guards (Vaults:5)
  A spriggan berserker (Depths:2)
  A phantasmal warrior (Vaults:5)
  An ironbound convoker (Vaults:5)
  3 harpies (Vaults:5)
  An orc knight (Vaults:5)
  A moth of wrath (Zot:3)
  2 redbacks (Vaults:5)
  An ogre (Vaults:5)
  An orc (Vaults:5)
52 creatures vanquished.

Vanquished Creatures (others)
  An acid blob (Slime:5)
  A sphinx (Vaults:5)
  A rockslime (Slime:5)
  An azure jelly (Slime:5)
  4 vault guards (Vaults:5)
  A shadow wraith (Vaults:2)
  A phantasmal warrior (Vaults:2)
  An ironbound convoker (Vaults:2)
  A naga mage (Snake:4)
  2 orc warriors (Vaults:5)
  An orc (Vaults:5)
15 creatures vanquished.

Grand Total: 2121 creatures vanquished

Notes
Turn   | Place    | Note
-------+----------+-------------------------------------------
     0 | D:1      | Leszczynek the Deep Elf Gladiator began the quest for the
                  | Orb.
     0 | D:1      | Reached XP level 1. HP: 12/12 MP: 3/3
   101 | D:1      | Reached skill level 1 in Ranged Weapons
   104 | D:1      | Reached XP level 2. HP: 14/17 MP: 4/4
   222 | D:1      | Reached skill level 2 in Fighting
   222 | D:1      | Reached skill level 1 in Stealth
   709 | D:2      | Identified the +4 leather armour of Ruseos {Harm +Blink
                  | Will- MP+9 Dex+7}
   733 | D:2      | nice armor btw
   798 | D:2      | Noticed Sigmund
   822 | D:2      | Reached XP level 3. HP: 19/21 MP: 5/5
   909 | D:2      | Reached skill level 2 in Ranged Weapons
  1166 | D:2      | Noticed Jessica
  1175 | D:2      | Killed Jessica
  1524 | D:2      | Reached XP level 4. HP: 27/27 MP: 6/6
  1622 | D:2      | Noticed Natasha
  1641 | D:3      | Found Tylaxuasch's General Store.
  1673 | D:3      | Bought 3 atropa-tipped darts for 32 gold pieces
  1673 | D:3      | Bought a scroll of teleportation for 36 gold pieces
  1673 | D:3      | Bought a scroll of teleportation for 36 gold pieces
  1673 | D:3      | Bought a scroll of identify for 24 gold pieces
  1678 | D:3      | Found a radiant altar of Vehumet.
  1678 | D:3      | Noticed a frost-covered statue
  1785 | D:3      | Reached skill level 3 in Ranged Weapons
  1890 | D:3      | Reached skill level 2 in Stealth
  2009 | D:3      | Reached XP level 5. HP: 27/31 MP: 7/7
  2280 | D:3      | Reached skill level 3 in Fighting
  2287 | D:3      | Reached skill level 4 in Ranged Weapons
  2494 | D:3      | Reached XP level 6. HP: 37/37 MP: 8/8
  2622 | D:3      | Reached skill level 3 in Stealth
  2705 | D:3      | Reached skill level 4 in Staves
  3474 | D:3      | Reached skill level 5 in Ranged Weapons
  3818 | D:4      | Noticed Ijyb
  3994 | D:4      | Reached XP level 7. HP: 42/42 MP: 9/9
  4048 | D:4      | Reached skill level 4 in Fighting
  4270 | D:4      | Reached skill level 5 in Staves
  4285 | D:4      | Found a glowing drain.
  4324 | Sewer    | Entered a sewer
  4647 | D:4      | Noticed Blork the orc
  4668 | D:4      | Killed Blork the orc
  4669 | D:4      | Reached skill level 6 in Staves
  4775 | D:4      | excluded Pikel
  4967 | D:4      | you know, usually by now i'd have found a sling at least
  4971 | D:5      | Entered Level 5 of the Dungeon
  5011 | D:5      | Reached XP level 8. HP: 48/48 MP: 10/10
  5111 | D:5      | Reached skill level 7 in Staves
  5143 | D:5      | Found a sparkling altar of Nemelex Xobeh.
  5217 | D:5      | Found a bloodstained altar of Trog.
  5609 | D:6      | Reached skill level 4 in Stealth
  5670 | D:6      | Reached skill level 6 in Ranged Weapons
  5670 | D:6      | Reached skill level 4 in Dodging
  5708 | D:6      | Reached skill level 5 in Fighting
  5841 | D:6      | Reached skill level 7 in Ranged Weapons
  5934 | D:6      | Found a staircase to the Ecumenical Temple.
  5940 | Temple   | Entered the Ecumenical Temple
  5959 | Temple   | Became a worshipper of Dithmenos the Shadowed
  6046 | D:6      | pfffsdfsdfsdfsgdfsg
  6070 | D:5      | fuck it i'm drink id-ing
  6346 | D:6      | Identified the +2 ring mail "Waest" {rElec Will- Regen+}
  6347 | D:6      | >will-
  6347 | D:6      | why
  6532 | D:7      | Reached XP level 9. HP: 33/54 MP: 11/11
  6622 | D:7      | Reached skill level 5 in Stealth
  6689 | D:7      | not even one sling in the game btw
  6694 | D:7      | no centaurs either
  6694 | D:7      | because i need one
  7088 | D:7      | Reached skill level 5 in Dodging
  7342 | D:7      | Reached skill level 8 in Ranged Weapons
  7743 | D:7      | Reached skill level 6 in Fighting
  7966 | D:7      | Reached * piety under Dithmenos
  8463 | D:8      | and we're entering yak territory
  8463 | D:8      | i mean it's d8, of course we are
  8981 | D:8      | Noticed a two-headed ogre
  9151 | D:8      | Noticed Grum
  9185 | D:8      | HP: 10/56 [Grum/-2 spear of venom (13)]
  9189 | D:8      | Reached skill level 8 in Staves
  9197 | D:8      | Killed Grum
  9295 | D:8      | Noticed Jeremiah
  9350 | D:8      | oh right, he smites
  9431 | D:7      | fuck it i'm reading scrolls
  9629 | D:8      | Reached skill level 9 in Staves
  9629 | D:8      | Reached XP level 10. HP: 61/61 MP: 12/12
 10188 | D:8      | Reached skill level 9 in Ranged Weapons
 10309 | D:8      | Reached ** piety under Dithmenos
 10563 | D:8      | Noticed a tengu warrior
 10646 | D:8      | Killed Jeremiah
 10647 | D:8      | Reached skill level 10 in Ranged Weapons
 11022 | D:9      | Reached skill level 11 in Ranged Weapons
 11534 | D:10     | Entered Level 10 of the Dungeon
 11540 | D:10     | Noticed a two-headed ogre
 11554 | D:9      | well i shouldn't have woke it up
 11684 | D:10     | Killed a two-headed ogre
 11685 | D:10     | Reached skill level 12 in Ranged Weapons
 11685 | D:10     | Reached skill level 6 in Dodging
 11964 | D:10     | Found a staircase to the Orcish Mines.
 11977 | D:10     | Found a glowing golden altar of the Shining One.
 12151 | D:10     | Found a sacrificial altar of Ru.
 12233 | D:10     | Reached XP level 11. HP: 65/66 MP: 13/13
 12300 | D:10     | HP: 13/66 [vampire mosquito (4)]
 12302 | D:10     | 4 mosquitos at once?
 12547 | D:9      | Reached skill level 13 in Ranged Weapons
 12667 | D:10     | Reached skill level 7 in Fighting
 12877 | D:11     | Reached skill level 7 in Dodging
 12977 | D:11     | Reached *** piety under Dithmenos
 12988 | D:11     | Noticed a soul eater
 13104 | D:11     | Found Oroamaux's Antique Weapon Shop.
 13127 | D:11     | Reached skill level 8 in Dodging
 13377 | D:10     | Reached skill level 9 in Dodging
 13742 | D:11     | Found a staircase to the Lair.
 14284 | D:11     | Noticed Snorg
 14287 | D:11     | n o p e
 14350 | Lair:1   | Entered Level 1 of the Lair of Beasts
 14555 | Lair:1   | Reached skill level 6 in Stealth
 14609 | Lair:1   | Reached skill level 14 in Ranged Weapons
 15256 | Lair:2   | Noticed a skyshark
 15333 | Lair:2   | Reached **** piety under Dithmenos
 15334 | Lair:2   | Reached skill level 15 in Ranged Weapons
 15427 | Lair:2   | Noticed a four-headed hydra
 15437 | Lair:2   | Killed a four-headed hydra
 15438 | Lair:2   | Reached skill level 8 in Fighting
 15438 | Lair:2   | Reached XP level 12. HP: 70/73 MP: 14/14
 15544 | Lair:2   | Found a staircase to the Shoals.
 15725 | Lair:2   | Reached skill level 16 in Ranged Weapons
 15725 | Lair:2   | Reached skill level 10 in Dodging
 15989 | Lair:2   | oh, a sling
 15989 | Lair:2   | lmao
 15989 | Lair:2   | oh, wait, there was one on d:11 in a shop
 15989 | Lair:2   | XD
 16552 | Lair:3   | Reached skill level 17 in Ranged Weapons
 16922 | Lair:3   | Reached ***** piety under Dithmenos
 17027 | Lair:3   | Reached skill level 11 in Dodging
 17534 | Lair:4   | Reached skill level 1 in Invocations
 17730 | Lair:4   | Reached XP level 13. HP: 80/80 MP: 15/15
 17735 | Lair:4   | Reached skill level 1 in Armour
 17847 | Lair:4   | Reached skill level 9 in Fighting
 17953 | Lair:4   | Noticed Nessos
 17966 | Lair:4   | Killed Nessos
 17967 | Lair:4   | Reached skill level 18 in Ranged Weapons
 17967 | Lair:4   | Reached skill level 2 in Invocations
 18244 | Lair:4   | Reached skill level 2 in Armour
 18252 | Lair:4   | Reached skill level 3 in Invocations
 18433 | Lair:4   | Found a white marble altar of Elyvilon.
 18846 | Lair:5   | Entered Level 5 of the Lair of Beasts
 18846 | Lair:5   | Found a burning altar of Makhleb.
 19152 | Lair:5   | Reached skill level 4 in Invocations
 19202 | Lair:5   | Reached skill level 3 in Armour
 19288 | Lair:5   | Found a staircase to the Slime Pits.
 19320 | Lair:5   | Reached skill level 19 in Ranged Weapons
 19658 | Lair:5   | Reached skill level 5 in Invocations
 19781 | Lair:5   | Reached skill level 4 in Armour
 19783 | Lair:5   | Reached ****** piety under Dithmenos
 20069 | Lair:5   | Found a corrupted altar of Lugonu.
 20077 | Lair:5   | Found a one-way gate to the infinite horrors of the Abyss.
 20304 | Orc:1    | Entered Level 1 of the Orcish Mines
 20332 | Orc:1    | Reached XP level 14. HP: 86/86 MP: 20/20
 20355 | Orc:2    | Entered Level 2 of the Orcish Mines
 20423 | Orc:1    | Reached skill level 6 in Invocations
 20766 | Orc:2    | Reached skill level 1 in Evocations
 20776 | Orc:2    | Reached skill level 20 in Ranged Weapons
 20974 | Orc:1    | Noticed Erolcha
 20982 | Orc:1    | Killed Erolcha
 21175 | Orc:2    | Found a staircase to the Elven Halls.
 21183 | Orc:2    | Found Keduricu's Jewellery Boutique.
 21282 | Orc:2    | Reached skill level 2 in Evocations
 21458 | Orc:2    | Reached skill level 3 in Evocations
 21510 | Orc:2    | Reached skill level 10 in Fighting
 21518 | Orc:2    | Found Gasegh's Armour Boutique.
 21562 | Orc:2    | Reached skill level 7 in Invocations
 21704 | Orc:2    | Reached skill level 4 in Evocations
 21766 | Orc:2    | Found Onav's Magic Scroll Boutique.
 21777 | Orc:2    | Bought a scroll of noise for 16 gold pieces
 21832 | Orc:2    | Found Tubola Owuc's Armour Shop.
 21863 | Orc:2    | Bought the ring "Ivotuit" {^Drain EV+5 Int+7 Slay+5} for
                  | 804 gold pieces
 21894 | Orc:2    | Bought a scroll of summoning for 152 gold pieces
 21894 | Orc:2    | Bought a scroll of teleportation for 48 gold pieces
 21894 | Orc:2    | Bought a scroll of revelation for 120 gold pieces
 21894 | Orc:2    | Bought a scroll of blinking for 120 gold pieces
 22085 | D:12     | Learned a level 2 spell: Blink
 22344 | D:12     | Found Neynausk's Weapon Shoppe.
 22344 | D:12     | Found Tyeschio's Armour Emporium.
 22350 | D:12     | Found Jonomnec's Jewellery Emporium.
 22350 | D:12     | Found Miva Fem's Antique Armour Shoppe.
 22376 | D:12     | Reached skill level 1 in Translocations
 22700 | D:12     | Found Taxioju's Jewellery Emporium.
 22709 | D:12     | Reached skill level 5 in Evocations
 23319 | D:13     | Reached skill level 8 in Invocations
 23344 | D:13     | Reached skill level 2 in Translocations
 23362 | D:13     | Reached skill level 1 in Spellcasting
 23516 | D:13     | Found Geot's Antique Weapon Shoppe.
 23561 | D:13     | Reached skill level 11 in Fighting
 23674 | D:13     | Found a runed translucent gate.
 23674 | D:13     | Found a runed translucent gate.
 23675 | D:13     | Found a runed translucent gate.
 23676 | D:13     | Noticed Feec's ghost (journeyman MiBe)
 23794 | D:13     | Reached skill level 2 in Spellcasting
 24411 | D:14     | Found a gate to the Vaults.
 24417 | D:14     | Reached skill level 3 in Translocations
 24476 | D:14     | Reached XP level 15. HP: 95/95 MP: 23/23
 24615 | D:14     | Reached skill level 3 in Spellcasting
 24773 | D:14     | Found a portal to a secret trove of treasure.
 24853 | D:15     | Entered Level 15 of the Dungeon
 24898 | D:15     | Found a gate leading to a gauntlet.
 24952 | Gauntlet | Entered a Gauntlet
 24952 | Gauntlet | Found a transporter.
 24952 | Gauntlet | Found a transporter.
 24952 | Gauntlet | Found a transporter.
 24972 | Gauntlet | Found a transporter.
 24974 | Gauntlet | Found a transporter.
 25009 | Gauntlet | Found a transporter.
 25056 | Gauntlet | Found a transporter.
 25060 | Gauntlet | Found a transporter.
 25062 | Gauntlet | Found a large runed translucent door.
 25063 | Gauntlet | Found a large runed translucent door.
 25064 | Gauntlet | Found a large runed translucent door.
 25064 | Gauntlet | Found a large runed translucent door.
 25064 | Gauntlet | Found a runed translucent door.
 25064 | Gauntlet | Found a runed translucent door.
 25065 | Gauntlet | Found a large runed translucent door.
 25065 | Gauntlet | Found a large runed translucent door.
 25065 | Gauntlet | Found a large runed translucent door.
 25065 | Gauntlet | Found a large runed translucent door.
 25066 | Gauntlet | Found a large runed translucent door.
 25067 | Gauntlet | Found a large runed translucent door.
 25069 | Gauntlet | Found a large runed translucent door.
 25069 | Gauntlet | Found a large runed translucent door.
 25108 | Gauntlet | Found a large runed translucent door.
 25108 | Gauntlet | Found a large runed translucent door.
 25109 | Gauntlet | Found a runed translucent gate.
 25109 | Gauntlet | Found a runed translucent gate.
 25109 | Gauntlet | Found a runed translucent gate.
 25111 | Gauntlet | Found a transporter.
 25121 | Gauntlet | Found a large runed translucent door.
 25122 | Gauntlet | Found a large runed translucent door.
 25132 | Gauntlet | Found a transporter.
 25135 | Gauntlet | Found a transporter.
 25159 | Gauntlet | Found a transporter.
 25239 | Gauntlet | Identified the amulet of the Ikuchi {Faith rC- Regen+
                  | Int+5}
 25298 | Gauntlet | Reached skill level 6 in Evocations
 25329 | Gauntlet | Identified the +2 helmet of the Nice God {Rampage rPois
                  | Will++ Dex+3}
 25525 | D:15     | Found a staircase to the Depths.
 25746 | D:15     | Learned a level 3 spell: Fugue of the Fallen
 25828 | D:15     | Found a glowing golden altar of the Shining One.
 25830 | D:15     | Reached skill level 1 in Necromancy
 26107 | D:15     | Reached skill level 9 in Invocations
 26134 | D:15     | Reached skill level 12 in Dodging
 26449 | Lair:3   | Found a staircase to the Snake Pit.
 26489 | Snake:1  | Entered Level 1 of the Snake Pit
 26494 | Snake:1  | Reached skill level 2 in Necromancy
 26625 | Snake:1  | Reached skill level 12 in Fighting
 26703 | Snake:1  | Reached skill level 3 in Necromancy
 26753 | Snake:1  | Reached skill level 7 in Evocations
 26931 | Snake:1  | Reached skill level 5 in Armour
 26972 | Snake:1  | Found Ruutur's Antique Armour Emporium.
 27170 | Snake:2  | Reached skill level 4 in Necromancy
 27797 | Snake:2  | Reached skill level 6 in Armour
 27809 | Snake:2  | Reached skill level 10 in Invocations
 28151 | Snake:3  | Reached skill level 5 in Necromancy
 28183 | Snake:3  | Noticed a nagaraja
 28200 | Snake:3  | Noticed Louise
 28276 | Snake:3  | Reached skill level 8 in Evocations
 28341 | Snake:3  | Noticed Agnes
 28362 | Snake:4  | Entered Level 4 of the Snake Pit
 28380 | Snake:3  | Reached XP level 16. HP: 96/101 MP: 22/25
 28548 | Snake:3  | Killed Agnes
 28729 | Snake:3  | Found Ridodus's Jewellery Boutique.
 28733 | Snake:3  | Found Sacuathu Joi's Weapon Shop.
 28733 | Snake:3  | Found Rawuu's Book Boutique.
 28760 | Snake:3  | Found Xujujepn's Weapon Shop.
 28769 | Snake:3  | Bought 4 curare-tipped darts for 72 gold pieces
 28788 | Snake:3  | Reached skill level 9 in Evocations
 28871 | Snake:3  | Identified the +8 war axe of Inquiry {flame, Dex+2}
 28921 | Snake:3  | Reached skill level 11 in Invocations
 28970 | Snake:3  | Killed Louise
 29567 | Snake:4  | Reached skill level 4 in Translocations
 30110 | Snake:4  | Reached skill level 5 in Translocations
 30166 | Snake:4  | Reached skill level 10 in Evocations
 30452 | Snake:4  | Noticed Roxanne
 30716 | Snake:4  | Reached skill level 12 in Invocations
 30754 | Snake:4  | Reached skill level 6 in Translocations
 31028 | Snake:4  | Reached XP level 17. HP: 107/107 MP: 28/28
 31051 | Snake:4  | Got a serpentine rune of Zot
 31124 | Snake:4  | Reached skill level 21 in Ranged Weapons
 31320 | D:12     | Bought the +2 pair of boots "Matwia" {Regen+} for 279 gold
                  | pieces
 31531 | Snake:3  | Bought a ring of see invisible for 195 gold pieces
 31693 | Shoals:1 | Entered Level 1 of the Shoals
 31701 | Shoals:1 | Found Woweskul's Antique Armour Shoppe.
 31724 | Shoals:1 | Found Joinenu's Book Emporium.
 31724 | Shoals:1 | Noticed a walking crystal tome
 31724 | Shoals:1 | Noticed a walking divine tome
 31773 | Shoals:1 | Found Texkekhlyme's Book Emporium.
 31938 | Shoals:1 | Reached skill level 1 in Hexes
 31950 | Shoals:1 | Reached skill level 7 in Translocations
 31950 | Shoals:1 | Reached skill level 11 in Evocations
 31957 | Shoals:1 | Found Buleufott's Weapon Shoppe.
 32000 | Shoals:1 | Reached skill level 2 in Hexes
 32033 | Shoals:1 | Found Gaosuej's Assorted Antiques.
 32177 | Shoals:1 | Reached skill level 3 in Hexes
 32257 | Shoals:2 | Found a flickering gateway to a bazaar.
 32545 | Shoals:3 | Noticed Ilsuiw
 32555 | Bazaar   | Entered a bazaar
 32557 | Bazaar   | Found Ufutynyk's Weapon Boutique.
 32557 | Bazaar   | Found Sisuh's Book Boutique.
 32584 | Bazaar   | Found Lufur's Book Shop.
 32605 | Bazaar   | that's it?
 32631 | Bazaar   | Found Riumir's Jewellery Boutique.
 32642 | Bazaar   | Bought the ring "Rusyetitig" {Wiz rElec Int+4 Dex-3 Stlth+}
                  | for 391 gold pieces
 32642 | Bazaar   | i don't like the -dex but an easy swappable source of relec
                  | may be useful, in case i don't find anything else like it
 32714 | Shoals:3 | Reached skill level 4 in Hexes
 32786 | Shoals:3 | Noticed Polyphemus
 32787 | Shoals:3 | oh fuck me these stairs
 32789 | Shoals:2 | imagine not having all this stealth there
 32789 | Shoals:2 | i wouldn't not climb back out for sure
 32979 | Shoals:3 | Reached skill level 5 in Hexes
 33010 | Shoals:3 | Noticed Jorgrun
 33018 | Shoals:3 | Killed Jorgrun
 33073 | Shoals:3 | Killed Ilsuiw
 33252 | Shoals:3 | Killed Polyphemus
 33253 | Shoals:3 | Reached skill level 7 in Stealth
 33272 | Shoals:3 | Reached skill level 13 in Fighting
 33275 | Shoals:3 | Reached skill level 6 in Hexes
 33482 | Shoals:4 | Entered Level 4 of the Shoals
 33557 | Shoals:4 | oh, i got to see the gem
 33557 | Shoals:4 | i wonder what's the message when it breaks in your line of
                  | sight
 33560 | Shoals:4 | it makes noise? lmao
 33612 | Shoals:4 | Reached skill level 22 in Ranged Weapons
 33612 | Shoals:4 | Reached skill level 8 in Stealth
 33613 | Shoals:4 | Reached skill level 7 in Hexes
 33698 | Shoals:4 | Got a barnacled rune of Zot
 33699 | Shoals:4 | oh, the rune was here too
 33699 | Shoals:4 | lol
 33899 | Shoals:4 | Reached skill level 8 in Hexes
 34008 | Shoals:4 | Reached XP level 18. HP: 107/114 MP: 25/29
 34080 | Shoals:4 | Found Ydaaz's Overcharged Wands.
 34089 | Shoals:4 | Reached skill level 7 in Armour
 34228 | Shoals:4 | Reached skill level 9 in Hexes
 34553 | Shoals:1 | Bought a book of Misfortune for 408 gold pieces
 34559 | Shoals:1 | Learned a level 5 spell: Yara's Violent Unravelling
 34567 | Shoals:1 | Learned a level 7 spell: Enfeeble
 34772 | Vaults:1 | Entered Level 1 of the Vaults
 34828 | Vaults:1 | Reached skill level 10 in Hexes
 34832 | Vaults:1 | Reached skill level 1 in Alchemy
 34836 | Vaults:1 | Reached skill level 13 in Dodging
 35077 | Vaults:1 | Reached skill level 4 in Spellcasting
 35085 | Vaults:1 | Reached skill level 2 in Alchemy
 35428 | Vaults:1 | Reached skill level 11 in Hexes
 35638 | Vaults:1 | Reached skill level 3 in Alchemy
 35691 | Vaults:1 | Reached skill level 5 in Spellcasting
 36323 | Vaults:2 | Noticed Margery
 36423 | Vaults:2 | Reached skill level 12 in Hexes
 36460 | Vaults:2 | Reached skill level 4 in Alchemy
 36512 | Vaults:2 | Reached skill level 6 in Spellcasting
 36532 | Vaults:2 | Found a staircase to the Crypt.
 36888 | Vaults:2 | Noticed Nikola
 37115 | Vaults:2 | HP: 21/110 [searing wretch[Margery] (22)]
 37216 | Vaults:2 | almost tabbed myself to deaht
 37216 | Vaults:2 | good job
 37340 | Vaults:3 | Found a flickering gateway to a bazaar.
 37513 | Vaults:3 | Reached skill level 14 in Dodging
 37513 | Vaults:3 | Reached skill level 13 in Hexes
 37518 | Vaults:3 | Reached skill level 5 in Alchemy
 37530 | Vaults:3 | Reached skill level 7 in Spellcasting
 37633 | Vaults:3 | Reached XP level 19. HP: 111/119 MP: 28/32
 37718 | Vaults:3 | Reached skill level 8 in Spellcasting
 37872 | Vaults:3 | Reached skill level 14 in Hexes
 38013 | Bazaar   | Entered a bazaar
 38026 | Bazaar   | Found Fikemm's Assorted Antiques.
 38034 | Bazaar   | Bought a scroll labelled ANOTEBUAMP for 38 gold pieces
 38058 | Bazaar   | Found Veczor's Jewellery Shoppe.
 38096 | Bazaar   | Found Yralos Muro's Book Boutique.
 38127 | Bazaar   | Found Ubio's Jewellery Shoppe.
 38201 | Bazaar   | Bought the amulet "Xussunes" {Regen+ Str+4 Dex+3} for 465
                  | gold pieces
 38394 | Vaults:3 | Noticed Mara
 38425 | Vaults:3 | Reached skill level 9 in Spellcasting
 38612 | Vaults:4 | are you serious
 38614 | Vaults:3 | i don't have money for another bazaar...
 38710 | Vaults:4 | HP: 13/119 [ironbound frostheart (16)]
 38760 | Vaults:4 | ow
 38926 | Vaults:4 | Reached skill level 10 in Spellcasting
 39108 | Vaults:4 | Reached skill level 15 in Hexes
 39127 | Vaults:4 | HP: 21/120 [ironbound thunderhulk/bolt of lightning (48)]
 39128 | Vaults:4 | jesus fucking christ
 39182 | Vaults:4 | "why do you need relec, barely anything uses electric
                  | damage
 39339 | Vaults:4 | Found a flickering gateway to a bazaar.
 39380 | Vaults:4 | ok, so this hand cannon is basically a one handed arbalest
 39381 | Vaults:4 | sounds good
 39647 | Vaults:4 | Reached skill level 12 in Evocations
 39753 | Bazaar   | Entered a bazaar
 39753 | Bazaar   | Found Ymin's Antique Armour Shop.
 39756 | Bazaar   | Found Lakaon's Weapon Boutique.
 39768 | Bazaar   | Found Ogaigg's Weapon Boutique.
 39782 | Bazaar   | Found Qazig's Weapon Boutique.
 39783 | Bazaar   | Found Ewilepp's Assorted Antiques.
 39801 | Bazaar   | Bought a scroll labelled HOHONAKHLAL for 21 gold pieces
 39803 | Bazaar   | Acquired Great Wizards, Vol. VII
 39810 | Bazaar   | great acquirement
 39810 | Bazaar   | i couldn't afford Damnation or a branded enchanted hand
                  | cannon
 39810 | Bazaar   | because of course
 39825 | Vaults:4 | Learned a level 4 spell: Passage of Golubria
 39829 | Vaults:4 | Learned a level 3 spell: Tukima's Dance
 39834 | Vaults:4 | Learned a level 4 spell: Cause Fear
 40002 | Vaults:4 | Reached skill level 14 in Fighting
 40475 | Vaults:4 | Reached skill level 11 in Spellcasting
 40575 | Vaults:4 | i'm going to die in elf
 40575 | Vaults:4 | or...?
 40575 | Vaults:4 | well, let's see
 40902 | Elf:1    | Entered Level 1 of the Elven Halls
 41095 | Elf:1    | i could use that faux pproj
 41120 | Elf:1    | Got the Precepts of Creation
 41181 | Elf:1    | Reached XP level 20. HP: 127/127 MP: 37/37
 41195 | Elf:1    | Reached skill level 16 in Hexes
 41841 | Elf:2    | Found Etil's Book Shoppe.
 41946 | Elf:2    | Identified the serpent talisman of Hygakig {Str+3 Dex-4
                  | SInv Stlth+}
 41946 | Elf:2    | Noticed Aizul
 41956 | Elf:2    | Killed Aizul
 42074 | Elf:2    | Found a runed translucent gate.
 42074 | Elf:2    | Found a runed translucent gate.
 42074 | Elf:2    | Found a runed translucent gate.
 42224 | Elf:2    | Found Uchot's Antique Armour Shop.
 42721 | Elf:2    | Learned a level 8 spell: Discord
 42755 | Elf:2    | Reached skill level 13 in Evocations
 42941 | Elf:3    | Entered Level 3 of the Elven Halls
 43289 | Elf:3    | Reached skill level 15 in Fighting
 43681 | Elf:3    | Reached skill level 17 in Hexes
 43690 | Elf:3    | Identified the amulet "Hujiera Motz" {Faith +Inv}
 43926 | Elf:3    | Identified the ring "Nalira" {SInv Stlth+}
 44241 | Elf:3    | Acquired 980 gold pieces
 44271 | Elf:3    | Identified the +7 hand axe "Gouwkuso" {protect, Str+3
                  | Stlth+}
 44273 | Elf:3    | Identified the +2 lajatang of the Imperium {heavy, Str+2}
 44276 | Elf:3    | Identified the +10 spear "Cevasyus" {pain, rF- Str+4 Int+3}
 44308 | Elf:3    | Got the Almanac of Mud
 44315 | Elf:3    | Identified the +1 leather armour "Izob Vost" {^Drain Will+
                  | rCorr Int+3}
 44335 | Elf:3    | Identified the +6 quarterstaff "Febbeac" {speed, rN+}
 44436 | Elf:3    | hm
 44795 | Depths:1 | Entered Level 1 of the Depths
 44869 | Depths:1 | this will be a LOT of ring swaps...
 44902 | Depths:1 | Reached skill level 23 in Ranged Weapons
 44975 | Depths:1 | Reached skill level 8 in Armour
 45017 | Depths:1 | Reached XP level 21. HP: 134/134 MP: 38/38
 45254 | Depths:1 | Found the +2 cloak of the Thief {*Fog Slay-2 SInv Stlth+}
 45263 | Depths:1 | slay -2 for +2 ac and sinv
 45263 | Depths:1 | i'm not sure it's worth it
 45608 | Depths:1 | Learned a level 3 spell: Passwall
 45650 | Depths:1 | Found an iron altar of Okawaru.
 45844 | Depths:2 | Identified the ring of Kohoujon {Ice ^Contam rCorr Str+3
                  | Int+3}
 45844 | Depths:2 | Noticed Josephina
 45892 | Depths:2 | Reached skill level 1 in Earth Magic
 45904 | Depths:2 | Reached skill level 12 in Spellcasting
 45953 | Depths:2 | Reached skill level 2 in Earth Magic
 46291 | Depths:2 | Noticed a golden dragon
 46292 | Depths:2 | Found the dreamshard necklace {Acrobat *Dream}
 46319 | Depths:2 | Reached skill level 9 in Armour
 46342 | Depths:2 | Reached skill level 3 in Earth Magic
 46367 | Depths:2 | HP: 21/126 [spriggan defender/+1 quick blade of venom (7)]
 46413 | Depths:2 | Reached skill level 18 in Hexes
 46536 | Depths:1 | wew
 46567 | Depths:2 | Noticed a caustic shrike
 46580 | Depths:2 | Killed a caustic shrike
 46773 | Depths:2 | fuck she's awake
 47145 | Orc:2    | Bought a ring of positive energy for 220 gold pieces
 47596 | Depths:2 | Found Uprav's Book Shop.
 47597 | Depths:2 | Found Zaffipla's Jewellery Shoppe.
 47599 | Depths:2 | Found Eluon's Book Shop.
 47606 | Depths:2 | Bought the ring "Vate Boema" {rElec AC+4} for 550 gold
                  | pieces
 47617 | Depths:2 | Bought a manual of Stealth for 800 gold pieces
 47621 | Depths:2 | Bought a book of Weapons for 644 gold pieces
 47626 | Depths:2 | Learned a level 4 spell: Dimensional Bullseye
 47655 | Depths:2 | Found a white marble altar of Elyvilon.
 47734 | Depths:2 | Found a one-way gate leading to the halls of Pandemonium.
 47798 | Depths:2 | Reached skill level 16 in Fighting
 47798 | Depths:2 | Reached skill level 15 in Dodging
 47821 | Depths:2 | Identified the amulet "Weoduju" {RegenMP Will- Str+3 Int+4
                  | Stlth+}
 47880 | Depths:2 | Found a gateway to Hell.
 47990 | Depths:2 | Killed a golden dragon
 48461 | Depths:2 | Noticed Sojobo
 48462 | Depths:2 | oh god
 49188 | Depths:3 | Reached skill level 9 in Stealth
 49242 | Depths:3 | Noticed an ancient lich
 49252 | Depths:3 | Killed an ancient lich
 49253 | Depths:3 | Reached skill level 19 in Hexes
 49293 | Depths:3 | Reached XP level 22. HP: 144/144 MP: 21/40
 49557 | Depths:3 | Reached skill level 10 in Stealth
 49727 | Depths:3 | Identified the +7 short sword of Jyinats {antimagic, rF+
                  | Str+3}
 49880 | Depths:4 | Entered Level 4 of the Depths
 50007 | Depths:4 | man, what fucked up stair layout
 50100 | Depths:3 | i'm going to die stairdancing this shit
 50282 | Depths:4 | Reached skill level 17 in Fighting
 50298 | Depths:4 | Reached skill level 11 in Stealth
 50323 | Depths:4 | Reached skill level 14 in Evocations
 50591 | Depths:4 | Found a glowing golden altar of the Shining One.
 50606 | Depths:4 | Found a burning altar of Makhleb.
 50819 | Depths:4 | Reached skill level 12 in Stealth
 51007 | Depths:4 | Noticed a golden dragon
 51109 | Depths:4 | Killed a golden dragon
 51169 | Depths:4 | Found a one-way gateway to a ziggurat.
 51365 | Depths:4 | Reached skill level 20 in Hexes
 51618 | Depths:4 | Found a gate to the Realm of Zot.
 51952 | Vaults:5 | Entered Level 5 of the Vaults
 51960 | Vaults:5 | Reached skill level 18 in Fighting
 51961 | Vaults:5 | Reached skill level 15 in Evocations
 51994 | Vaults:5 | Reached XP level 23. HP: 143/152 MP: 27/41
 52092 | Vaults:5 | Identified the +2 robe of Fanaticism {Fly rF+ Dex-3 SInv}
 52326 | Vaults:5 | Reached skill level 8 in Translocations
 52601 | Vaults:5 | Reached skill level 13 in Spellcasting
 52658 | Vaults:5 | Ouch! That really hurt!
 52659 | Vaults:5 | orb of destruction
 52842 | Vaults:5 | Upgraded the game from 0.31.0-9-g3a7656b989 to
                  | 0.31.0-10-gcf4a605ca0
 52982 | Vaults:5 | Identified the +4 sling of Utze Deu {speed, Str+3}
 52982 | Vaults:5 | Identified the ring "Osecap" {rPois rCorr Dex+2}
 53100 | Vaults:5 | Found Ses Onk's Jewellery Shoppe.
 53101 | Vaults:5 | Found Horues's Book Boutique.
 53151 | Vaults:5 | Got a silver rune of Zot
 53162 | Vaults:5 | Found Cera Tic's Distillery.
 53175 | Vaults:5 | Found Ruown's Book Emporium.
 53184 | Vaults:5 | Identified the +5 flail "Death Rattle" {heavy, Str+6}
 53387 | Vaults:5 | Reached skill level 9 in Translocations
 53528 | Vaults:5 | Noticed an ancient lich
 53554 | Vaults:5 | Killed an ancient lich
 53836 | Vaults:5 | Identified the +1 long sword of the Wraith {freeze, Str+2}
 53947 | Vaults:5 | Bought 2 potions of haste for 260 gold pieces
 53947 | Vaults:5 | Bought a potion of curing for 39 gold pieces
 53947 | Vaults:5 | Bought a potion of heal wounds for 65 gold pieces
 53947 | Vaults:5 | Bought a potion of resistance for 130 gold pieces
 53947 | Vaults:5 | Bought a potion of cancellation for 104 gold pieces
 53947 | Vaults:5 | Bought 2 potions of mutation for 208 gold pieces
 53947 | Vaults:5 | Bought a potion of ambrosia for 104 gold pieces
 53967 | Vaults:5 | Reached skill level 14 in Spellcasting
 53967 | Vaults:5 | Reached skill level 16 in Evocations
 53974 | Vaults:5 | Learned a level 6 spell: Dispersal
 54165 | D:11     | Killed Snorg
 54261 | Orc:2    | Bought a scroll of enchant weapon for 120 gold pieces
 54422 | Shoals:1 | Bought a potion of cancellation for 272 gold pieces
 54422 | Shoals:1 | Bought a potion of curing for 102 gold pieces
 54475 | Slime:1  | Entered Level 1 of the Pits of Slime
 54587 | Slime:1  | Gained mutation: You occasionally lose the ability to read
                  | scrolls when taking damage. [a shining eye]
 54597 | Slime:1  | that's a potential death sentence
 54654 | Slime:1  | Reached skill level 10 in Translocations
 54745 | Slime:1  | damn this time limit for the slime gem is rough
 54780 | Slime:1  | Gained mutation: You occasionally lose the ability to drink
                  | potions when taking damage. [a shining eye]
 54784 | Slime:1  | you cannot be serious
 54784 | Slime:1  | i think only teleportitis would be worse
 54784 | Slime:1  | nice antimagic btw
 54784 | Slime:1  | or does it not work on this
 54784 | Slime:1  | probably doesn't
 54784 | Slime:1  | no, it does
 54784 | Slime:1  | it just doesn't care
 54982 | Slime:1  | hmm
 54982 | Slime:1  | maybe i shouldn't go there
 54982 | Slime:1  | i'm not sure how to kill the jelly anyway
 54982 | Slime:1  | oh right discord
 54982 | Slime:1  | right
 54982 | Slime:1  | it works on them, right?
 55178 | Slime:3  | Gained mutation: You are clumsy. (Dex -2) [a shining eye]
 55188 | Slime:3  | i have growing concerns about whether i should proceed
 55194 | Slime:3  | Reached skill level 19 in Fighting
 55226 | Slime:4  | Noticed Dissolution
 55248 | Slime:3  | Killed Dissolution
 55249 | Slime:3  | Reached skill level 11 in Translocations
 55408 | Slime:5  | Entered Level 5 of the Pits of Slime
 55547 | Slime:5  | Noticed the Royal Jelly
 55586 | Slime:5  | Killed the Royal Jelly
 55597 | Slime:5  | wait, that's it?
 55597 | Slime:5  | it almost feels like i didn't even need haste
 55688 | Slime:5  | Reached XP level 24. HP: 160/160 MP: 40/43
 55690 | Slime:5  | Paralysed by a formless jellyfish for 1 turns
 55703 | Slime:5  | Reached skill level 15 in Spellcasting
 55703 | Slime:5  | Reached skill level 12 in Translocations
 55929 | Slime:5  | Identified the +0 ring mail of Generosity {Dex+3}
 55943 | Slime:5  | Identified the ring of Eternal Harmony {rC+ Will+}
 55953 | Slime:5  | Got a slimy rune of Zot
 56071 | Slime:5  | Learned a level 1 spell: Apportation
 56072 | Slime:5  | Identified the staff "Arcanum" {Int+3 Conj Summ}
 56136 | Slime:5  | Identified the +8 flail "Hiann" {heavy, ^Fragile rElec
                  | Dex+4}
 56168 | Slime:5  | Lost mutation: You occasionally lose the ability to read
                  | scrolls when taking damage. [potion of mutation]
 56168 | Slime:5  | Lost mutation: You occasionally lose the ability to drink
                  | potions when taking damage. [potion of mutation]
 56168 | Slime:5  | Gained mutation: You are resistant to electric shocks.
                  | (rElec) [potion of mutation]
 56168 | Slime:5  | Gained mutation: You possess an exceptional clarity of
                  | mind. [potion of mutation]
 56168 | Slime:5  | Gained mutation: You are occasionally teleported next to
                  | monsters. [potion of mutation]
 56169 | Slime:5  | Lost mutation: You possess an exceptional clarity of mind.
                  | [potion of mutation]
 56169 | Slime:5  | Lost mutation: You are resistant to electric shocks.
                  | (rElec) [potion of mutation]
 56169 | Slime:5  | Lost mutation: You are occasionally teleported next to
                  | monsters. [potion of mutation]
 56169 | Slime:5  | Gained mutation: Your spells are a little harder to cast,
                  | but a little more powerful. [potion of mutation]
 56169 | Slime:5  | Gained mutation: You expend magic power (3 MP) to
                  | strengthen your wands. [potion of mutation]
 56170 | Slime:5  | i really hate how wild magic is supposedly a good mutation
 56171 | Slime:5  | Lost mutation: Your spells are a little harder to cast, but
                  | a little more powerful. [potion of mutation]
 56171 | Slime:5  | Lost mutation: You expend magic power (3 MP) to strengthen
                  | your wands. [potion of mutation]
 56171 | Slime:5  | Lost mutation: You are clumsy. (Dex -2) [potion of
                  | mutation]
 56171 | Slime:5  | Gained mutation: You occasionally lose the ability to drink
                  | potions when taking damage. [potion of mutation]
 56171 | Slime:5  | Gained mutation: Your movements are slightly less
                  | encumbered by armour. (ER -2) [potion of mutation]
 56171 | Slime:5  | Gained mutation: Your spells are a little harder to cast,
                  | but a little more powerful. [potion of mutation]
 56172 | Slime:5  | ok, let's go with this
 56172 | Slime:5  | surely -potion won't kill me
 56179 | Slime:5  | if it didn't here :^)
 56844 | Zot:1    | Entered Level 1 of the Realm of Zot
 56853 | Zot:1    | Reached skill level 1 in Shields
 56998 | Depths:4 | oh
 56998 | Depths:4 | well, a lesson learned
 57012 | Depths:4 | Reached skill level 2 in Shields
 57210 | Zot:2    | Found a stormy altar of Qazlal.
 57230 | Zot:2    | Reached skill level 3 in Shields
 57491 | Zot:2    | Reached skill level 4 in Shields
 57553 | Zot:3    | Noticed Vv
 57554 | Zot:3    | shit fuck cunt
 57556 | Zot:2    | fuuuck no
 58175 | Zot:3    | fucking dragon out of nowhere
 58175 | Zot:3    | it was going so well
 58229 | Zot:3    | Killed Vv
 58230 | Zot:3    | phew
 58230 | Zot:3    | tough shit
 58447 | Zot:4    | Reached skill level 5 in Shields
 58512 | Zot:4    | it's nice enfeeble works even on things supposedly immune
                  | to willpower checks
 58557 | Zot:5    | Entered Level 5 of the Realm of Zot
 59288 | Zot:5    | Noticed a dread lich
 59417 | Zot:5    | Noticed an ancient lich
 59435 | Zot:5    | Killed an ancient lich
 59523 | Zot:5    | Noticed a Killer Klown
 59528 | Zot:5    | Noticed an orb of fire
 59557 | Zot:5    | Gained mutation: You are weak. (Str -2) [an orb of fire]
 59560 | Zot:5    | Gained mutation: Your body sometimes deteriorates upon
                  | taking damage. [an orb of fire]
 59563 | Zot:5    | Gained mutation: You sometimes lose the ability to drink
                  | potions when taking damage. [an orb of fire]
 59573 | Zot:5    | Gained mutation: Your body often deteriorates upon taking
                  | damage. [an orb of fire]
 59576 | Zot:5    | Killed an orb of fire
 59583 | Zot:5    | Killed a Killer Klown
 59951 | Zot:5    | Noticed an ancient lich
 59960 | Zot:5    | Killed an ancient lich
 59961 | Zot:5    | Reached skill level 6 in Shields
 59974 | Zot:5    | Killed a dread lich
 60038 | Zot:5    | Noticed a dread lich
 60061 | Zot:5    | Killed a dread lich
 60062 | Zot:5    | Reached skill level 21 in Hexes
 60212 | Zot:5    | Noticed a dread lich
 60223 | Zot:5    | Reached skill level 17 in Evocations
 60256 | Zot:5    | Killed a dread lich
 60257 | Zot:5    | Reached skill level 24 in Ranged Weapons
 60257 | Zot:5    | Reached XP level 25. HP: 168/168 MP: 35/44
 60434 | Zot:5    | Noticed a Killer Klown
 60442 | Zot:5    | Killed a Killer Klown
 60449 | Zot:5    | Noticed an orb of fire
 60463 | Zot:5    | Noticed a Killer Klown
 60470 | Zot:5    | Killed an orb of fire
 60473 | Zot:5    | HP: 31/168 [Killer Klown/klown pie (41)]
 60481 | Zot:5    | Killed a Killer Klown
 60581 | Zot:5    | how do you do extended with a character like this
 60584 | Zot:5    | you probably don't, huh
 60589 | Zot:5    | Noticed an ancient lich
 60598 | Zot:5    | Killed an ancient lich
 60623 | Zot:5    | Noticed an ancient lich
 60642 | Zot:5    | Killed an ancient lich
 60685 | Zot:5    | Noticed an ancient lich
 60773 | Zot:5    | Noticed a dread lich
 60774 | Zot:5    | Killed an ancient lich
 60780 | Zot:5    | Killed a dread lich
 60781 | Zot:5    | Reached skill level 7 in Shields
 60913 | Zot:5    | Reached skill level 16 in Spellcasting
 61078 | Zot:5    | Reached skill level 20 in Fighting
 61107 | Zot:5    | Reached skill level 16 in Dodging
 61396 | Zot:5    | Lost mutation: Your spells are a little harder to cast, but
                  | a little more powerful. [potion of mutation]
 61396 | Zot:5    | Lost mutation: You are weak. (Str -2) [potion of mutation]
 61396 | Zot:5    | Gained mutation: Your spells are a little easier to cast,
                  | but a little less powerful. [potion of mutation]
 61396 | Zot:5    | Gained mutation: You are partially covered in large bone
                  | plates. (SH +4) [potion of mutation]
 61396 | Zot:5    | Gained mutation: Your muscles are strong. (Str +4, Int/Dex
                  | -1) [potion of mutation]
 61397 | Zot:5    | Lost mutation: Your spells are a little easier to cast, but
                  | a little less powerful. [potion of mutation]
 61397 | Zot:5    | Lost mutation: You are partially covered in large bone
                  | plates. (SH +4) [potion of mutation]
 61397 | Zot:5    | Lost mutation: Your movements are slightly less encumbered
                  | by armour. (ER -2) [potion of mutation]
 61397 | Zot:5    | Gained mutation: Your muscles are very strong. (Str +8,
                  | Int/Dex -2) [potion of mutation]
 61397 | Zot:5    | Gained mutation: You are partially covered in iridescent
                  | scales. (AC +2) [potion of mutation]
 61397 | Zot:5    | Gained mutation: You are mostly covered in iridescent
                  | scales. (AC +4) [potion of mutation]
 61398 | Zot:5    | Lost mutation: You are mostly covered in iridescent scales.
                  | (AC +4) [potion of mutation]
 61398 | Zot:5    | Lost mutation: Your body often deteriorates upon taking
                  | damage. [potion of mutation]
 61398 | Zot:5    | Lost mutation: You are partially covered in iridescent
                  | scales. (AC +2) [potion of mutation]
 61398 | Zot:5    | Gained mutation: Your health recovers twice as slowly from
                  | being drained. [potion of mutation]
 61399 | Zot:5    | wow
 61399 | Zot:5    | useless shit
 61399 | Zot:5    | oh well
 61402 | Zot:5    | Got the Orb of Zot
 61858 | D:4      | Killed Ijyb
 61932 | D:$      | Escaped with the Orb!

Illustrated notes .# .# #.#. #.#. #.#. #############.#. ..............#. #########...###..#. #.@..........##..#. #.#######....#...#. #.# #....##.... ... #...[.+.... .... #...###..[. ....>. #...# #.... ####.## #...# #.... #.# ##### #.... ########. Turn 733 on D:2: nice armor btw ...###..)..)# #.####.#.# ####≈###)...#.... ####.#......# ≈~≈≈######...# #.........### ~~~~~ #...# #.##......# #~~~~~# #...####.####.##.# ## ###..########...##.........#.###. #.......#............##....)...#. .....................##.<..#..... #....#.....)....@...# #.#.####.#. .....##.#####...##......### #.#. #...###.#~~~#.).########. ..## #...###.#~~~#...# . #### ........#~.~#...## . ....#.†.#~~~#....# ..h. ######..#~~~#..#.####... # ##)##'##........... # ##................. Turn 4775 on D:4: excluded Pikel ..####.###..^.....# ..........#######.### #.#)......# #.......# ..#.......# #.###.#.# ###.......# #..#.# ..#.......# # #.## # #.#.......# #.##.##># ..#.......# #.......# # #######.######@#### # #######.##.....# # #.......##.##### ###### ###.#### .##.# #..... .......##.##.# #.#### ###.......##.# #######.#### #.##.......# #........... # #.......############.#####.#### ######.#.## #......#.# #.#### Turn 4967 on D:4: you know, usually by now i'd have found a sling at least #.... #...##...##..###### ##.. #......)..'........ #. #........##†.##.... ... #..<#######..##.... yy..#######...##........ ..y...............##.... y.................##.^.. #..##............. #@.##............. #..##...##..##.... #..##...##..##.... #...........###### #..##.......##.... #..##............. #...#...##..##.... #...#...######.... #####...##........ Turn 6046 on D:6: pfffsdfsdfsdfsgdfsg ##.......####...# ##...# #..........#..### ####.# ### ##..###....#...####....# ..## ##.##....##...##.#....# ...# ##........##..#.....## ..## #........##.....<.... ...### ####..##................ .....# #..#.....##....##....... .....## #......@.###......#...#. ......# #........# #...##....### ..##..#####.......##..######....# .###....#....##....##.# ##.... ..#...........###..#..# # ..... .........##...###.....##.##...... ...........#........<........##.. .##...............#'#...#+#...... ..#..##.....##...##.##.##.##..... Turn 6070 on D:5: fuck it i'm drink id-ing #.... #.... ### #######.. ##.> ##...###'# ... #.....)... .. #......... .## ##....##'# ###.#####.....##.. #@..#...#......... #................. #..##....#........ ##..##...##..###### #........########## +................+. #..###...##......#. #### ######......#. .......#. Turn 6347 on D:6: >will- (..#≈≈#≈≈≈~........## .. #.~#≈≈≈≈#≈##........# .. #.~≈#≈≈≈≈≈≈#........# #. #.#≈≈≈≈≈≈≈≈~.......## #. #.##≈≈#≈#≈##.......# #. #..#≈≈≈≈≈ #.......## #.##..#~#≈≈†##.......# #.......####o.......## #........@...........# ##.####.###...........# #.# #...........#..... #.# #######....###.... #.# ###### #... #.## #. #..# #..# ##.# Turn 6689 on D:7: not even one sling in the game btw (..#≈≈#≈≈≈~........## .. #.~#≈≈≈≈#≈##........# .. #.~≈#≈≈≈≈≈≈#........# #. #.#≈≈≈≈≈≈≈≈~.......## #. #.##≈≈#≈#≈##.......# #. #..#≈≈≈≈≈ #.......## #.##..#~#≈≈†##.......# #.......####........## #........@...........# ##.####.###...........# #.# #...........#..... #.# #######....###.... #.# ###### #... #.## #. #..# #..# ##.# Turn 6694 on D:7: no centaurs either # #.. #### YYY(.##..# #....@.# #......# #......# #......# #.....## #.....# #...... ....... Turn 8463 on D:8: and we're entering yak territory ##.....##.#..........## #......#.#............# ##....).#.#............# #........##............# #..<.....##...........## #.......###.........### #.......# ####....### #.......## ###### #.......@## #.........## ####### #......##..#####.....#### ##.....###..##..........# ###..## ##.......[.....# #### #....b........## #....bF.......# ##...........## ##..).......# Turn 9350 on D:8: oh right, he smites ########### ####.........# .............## #...#..[......## #...##.........## ###### #...###.........# ###....## ##..####........## ##<......# #...# ##.....).@## ###........# #...######.......####..........# ##..#...###.......##...........# #.........#.[.................# #.............................# #.............................# ##............###.............# #.............####...........# #.......).[...# #...........# Turn 9431 on D:7: fuck it i'm reading scrolls ....#.....#..#.#...#...#......... ##..#.#####........#.###.##.##.## ....#.# ##.....#...# #.##.##.# ....#.# ##...###### #....##.# ##..#.# #...###### #..####.# ......# #......).# #..####[## .#..#.#######...####.# #.......#. .#....##....[........####.######. .#..............@........)#...... ........................)...####. ......#.###...........###.#)# #. #....##.# #.#...#.###.###.#.# ## #>#..##.# #.#...#.# #.##..#.### #...###.# #.#...#.# #.........# #..####.# #.#...#.# #.##....#.### #.......###...<...# #.........).. ##.###......##.######..........## Turn 11554 on D:9: well i shouldn't have woke it up ..%..# ................(# ..................# .......................## ### ......................#.. #..##......................#### ##.........# #..............##.## .#.........# #...#...........y... .#.........###..@.#........yyy.#. #................##......###....# .................#.......# #..... .....#.#........#.#####..###..... ......#..........## #........... ......##........## ##.........) ......##........## #.......... .##########......#######......... .# ##.# ##.....#...##.......... Turn 12302 on D:10: 4 mosquitos at once? .......................... .......................... #.##.##..######..##....... #.##.##..##..##.)##....... .......................... .................###+###). .................# # . #..####..##..##..# To. #..####..##..##.@##....o #..#.....##..##..+....# #..#.....#...+...###### #..##....##..#...# #..##....##..##### #..#.....#...# )..'.....#..<# #).##....# #..##....# Turn 14287 on D:11: n o p e ######### #........ ##........ ###......... #........... ##........... ###....)....... #......@......# ## ##..........### #. ####.........### ######. #..[........## #P.##.. ##...........# ##..... .. #.........#### #...... ... ##........#.# #...... ...##.........### #...... ...#..........# ###...... Turn 15989 on Lair:2: oh, a sling # ### ## ####.# .### ##....# ...## ##..8..# ....### ##......# ......## ##......## ≈≈.....####.....@## .≈≈.............## ..≈.....∩......## .≈≈.............## ≈≈.....####......## ......## ##......## ....### ##......# ...## ##..∩..# .### ##....# Turn 32605 on Bazaar: that's it? #......## ##.N.... #......####.....≈≈ #..o..........≈≈. ##......∩.....≈.. ##.............≈≈. ##......####.....≈≈ ##......## ##...... #......## ###.... #..@..## ##... #....## ###. #.#### ## ## # Turn 32642 on Bazaar: i don't like the -dex but an easy swappable source of relec may be useful, in case i don't find anything else like it ≈≈≈≈≈~~~~.... ≈≈≈≈≈~~~....# ≈≈≈≈≈~~~~~..### ≈≈≈≈~~~Y..Y...# ≈≈≈~~~~...... ≈≈≈~~~~C... ~ ≈≈≈~~~.Y.# ~ ≈≈≈~~~~@.# ~ ≈≈≈≈≈~Y~...~~.. ~ ≈≈≈≈≈≈≈~~~~~~.. . ≈≈≈≈≈≈≈≈≈≈m~~.. ≈≈≈≈≈≈≈≈≈≈~mm~# ≈≈≈≈≈≈≈≈≈≈m~~.# ≈≈≈≈≈≈≈≈≈≈~m... ≈≈≈≈≈≈≈≈≈≈~~~.. . Turn 32787 on Shoals:3: oh fuck me these stairs ~~~~~~~~≈≈≈≈≈≈≈≈~~~~~~~~~≈≈≈≈≈≈ ~~~~~~~≈≈≈≈≈≈≈~~~~~.~~~~~~≈≈≈≈≈ ~~~~~~~≈≈≈≈≈~~~~~...~~~~~~~≈≈≈≈ ~~~~~~~≈≈≈≈~~~~~....~~~~~~~≈≈≈≈ ~~~~~~~≈≈≈~~~~~~~...~~~~~~~≈≈≈≈ ~~~~~~~≈≈≈~~~~~.......~~~~~≈≈≈≈ ~~~~~~~≈≈≈≈~~~~..÷.....^.~~~~~≈ ~~~~~~~≈≈≈~~~.........#..~~~~~~ ~~~~~~~≈≈≈~~~P@#########...~~~~ ~~~~~~~≈≈~~~~P.###* #....|~~ ~~~~~~~≈≈~~~~~....######..###.> ~~~~~~~≈≈~~~~~P.............##. ~~~~~~~≈≈≈≈P~~PPP............#. ~~~~~~~≈≈≈≈≈≈P~~............... ~~~~~~~≈≈≈≈≈P~~~.P.........(..# ~~~~~~≈≈≈≈≈~~~~~..............# ~~~~~~≈≈≈≈~~~P.~..............# Turn 32789 on Shoals:2: imagine not having all this stealth there ≈≈≈ #....... ≈≈≈≈≈ H♦ #..#.... ≈≈≈≈≈# #≈. #..#.... ≈≈≈≈≈≈ ≈≈≈t ##.~...# ≈≈≈≈≈≈# # .≈#H. ##†≈~... ≈≈≈≈≈≈.#.#... ##..~~... ≈≈≈≈≈≈..#~~ ##...~..#. ≈≈≈≈≈≈..~######.......## ≈≈≈≈≈≈.@................ ≈≈≈≈≈≈.........~.......# ≈≈≈≈≈≈~...............## ≈≈≈≈≈≈~..............## ≈≈≈≈≈≈~..............# ≈≈≈≈≈≈~..............# ≈≈≈≈≈≈~~.............# ≈≈≈≈≈≈≈~~............# ≈≈≈≈≈≈≈~~~~.........# Turn 33557 on Shoals:4: oh, i got to see the gem ≈≈≈ #....... ≈≈≈≈≈ ~~ #..#.... ≈≈≈≈≈# ##≈H #..#.... ≈≈≈≈≈≈ ≈≈≈. ##.~...# ≈≈≈≈≈≈# # .≈#t. ##†≈~... ≈≈≈≈≈≈.#.#... ##..~~... ≈≈≈≈≈≈..#~~ ##...~..#. ≈≈≈≈≈≈~.~######.......## ≈≈≈≈≈≈.@................ ≈≈≈≈≈≈~........~.......# ≈≈≈≈≈≈~...............## ≈≈≈≈≈≈~..............## ≈≈≈≈≈≈~..............# ≈≈≈≈≈≈~..............# ≈≈≈≈≈≈~~.............# ≈≈≈≈≈≈≈~~............# ≈≈≈≈≈≈≈≈~~~~~........# Turn 33560 on Shoals:4: it makes noise? lmao ≈≈~~~~.<....~≈≈≈≈≈≈~~.. ≈≈~~~~~.....~~≈≈≈≈≈≈~~~ ≈≈~~~≈~......≈≈≈≈≈≈≈≈≈~. ≈≈≈≈≈≈~..###.~~~≈≈≈≈≈≈~. ≈≈≈≈≈~~~.# #.~~~≈≈≈~~~~. ≈≈≈≈≈~#######....~†..~.. ≈≈≈≈≈##≈≈≈≈ ##.......~.. ≈≈≈≈##~~~~~#≈##.##.~..~. ≈≈≈≈≈#~~~≈≈~@#≈#......... ≈≈≈≈≈ #~~#≈#≈~~≈#..#...... ≈≈≈≈≈##~~≈≈##≈~≈#..#...... ≈≈≈≈≈≈#~~~≈≈≈≈~≈##.~...### ≈≈≈≈≈≈#~#~~≈#~~≈##†≈~...## ≈≈≈≈≈≈~#~#~~~~~##..~~..... ≈≈≈≈≈≈§~#~~~)~##...~..#... ≈≈≈≈≈≈~~~######.......##.. ≈≈≈≈≈≈~.)§§)†)............ Turn 33699 on Shoals:4: oh, the rune was here too #..##############'# #.................. #.................. #.................. #.................. #..################ #..# #..' #..# #..' #.@# #''# #..# #..# #..# #..# #..# #..# #..# ##p.>.##..' #..# #..p..##..' #..# .....##### #..# .@.n# #..# .<.# Turn 37216 on Vaults:2: almost tabbed myself to deaht ##### #...#### #......### #......... +......... #....>...^ #.@....... #..).O.... #p.....#......#......# ..)...#......'......# ......#......#..@...# ......########......# ####'### #......# #......# #......# #......########'##### #......##...........# #......##...#'#.....# #......##...#.#.....# #......##...#.#####.# Turn 38614 on Vaults:3: i don't have money for another bazaar... ## ## .# #.+. # .# #..#. #. †# #.#.# #. )# #.#.# #.#.#.#.# #.#.#.# #)@.# ##### Turn 38760 on Vaults:4: ow .p.YH' #..)...#.p...p..# .... #..).(.#.....pp.# ###''#+######......#........# ..+..+.............#........' ..#.^###########...#........# #)+?## ..# #...#........# H.#..###..#### #§..##'###### .....#.§###..# #§§.)........> .#'#O'p.p§O§§# #@§......).... ..p..######§####§§........... .$#..# #p'..#............. #.''## #'#..#...........<. ..#. #..###............. ..!. #§§# #..##+#####... ###########§####..# .. .........§§§§§O..# ...........§§....# Turn 39128 on Vaults:4: jesus fucking christ #.#.#...#.#.# ##.#.#.#.#.## #.#.#.#.#.#.# ##.#.###.#.## ##. #.#.## ##.#.+..... #..## ##..#..... #.#÷## ##.#.#####. ##.#)###.#.## #.#@#.#.#.#.# ##.#.#.#.#.## #)#.#)<.#.#.# #######)################## .......................... ........÷)................ .......H....)............. #######).................. #................... Turn 39182 on Vaults:4: "why do you need relec, barely anything uses electric damage .##. ...# #'#.....# #......# ..... ###########'############## .......................... .........)................ , .........@................ ,..#########....############# ,)).⌠.....⌠))...# ..###...###....# ##∩##......# ###.......# #'###....# .p #....# .. #....# Turn 39380 on Vaults:4: ok, so this hand cannon is basically a one handed arbalest .##. ...# #'#.....# #......# ..... ###########'############## .......................... .........)................ , .........@................ ,..#########....############# ,)).⌠.....⌠))...# ..###...###....# ##∩##......# ###.......# #'###....# .p #....# .. #....# Turn 39381 on Vaults:4: sounds good ##### ##∩..## ##.....### #........# #...#....## ###...##....## #.....m##....# ##....@..##...### ##....#....#.....# #.....#...∩#.....## ##∩.#####..###∩...# #### #### #### ##...###... #...m#.... ##........ ##.....#. ##...### Turn 39810 on Bazaar: great acquirement ......##########^.... ......#........#......# ......#........#......# .[....#........#......# ......#........#......# ......#........#......# ..[...#........#......# ..[.[.#........#......# ......#........#@.....# ......#........'......# ###...#........#......# #...#........#......# # #...##'#######......# # #...[........>......# # #........[..).......# ###...................# ..#...............[...# Turn 40575 on Vaults:4: i'm going to die in elf #...# #.# #.... ###.# #.# #..).# #.# #.# ....# #.####.####)...## #............'..# #.####..§.)..e... #.# ##§§.####... #.#####.).# . #......@§.# ##.#####§.## #..#####..# #.........# #.........# #..#####..# #..# #..# #..#####... #.......... Turn 41095 on Elf:1: i could use that faux pproj .....#.....# #.....# .....#.....## ##.....# .....#......## ##......# .....#.......###.......# ....###...............## ....# #..............## ..#######.....?......# .##.[...##.........### .#...|.|.#......@.## #'..).)..'######### ##.../.:.## ##.(.[.## ####### Turn 44436 on Elf:3: hm #....#.## +.......## #........## #.........# #.........### ###............ ............... .......@...[... ......)........ ......[###..... .....). .... !...... ... ##..... .. ....... . ..###.. Turn 44869 on Depths:1: this will be a LOT of ring swaps... .................. ###............... .................. .....)......####### ....>......##.....## ....#####.##..≈.≈..## ...##§§.###......§..# ..##.§≈..##.......§.+ ..').§§...'....#@...+ ..'.....[.'..##≈##..+ ..'.......'....#....+ ..##..≈..##.........+ ...##...###.........# ....##### ##..≈.≈..## ........ ##.....## ........ ####### ..^..... Turn 45263 on Depths:1: slay -2 for +2 ac and sinv #...............[###............. ....##.........[..##............. .....#.............##............ ..#.......##.........>........... .##.##........................... ..##.##.....###................## ...............................#. .................)......#######.. ......≈.........@......##..§..##. .....§§.........#####.##..§.≈..## .....§≈≈.§.....##...###..§......# ...#..≈§≈.....##..§..##.....†.).' ..###.§≈......')..)...'....#"..)' )...#.........'.....[.'..##≈##..' ..##...##..#..'.......'....#....' ######.#####..##..≈..##.........' #...#.#....##...###.........# Turn 46536 on Depths:1: wew ####'###..##..# #..†).##.###..# #............ .. #............ .Z ## #.......Z$... . #.# #............ #.##...#'##..### #.#..#......... #@..#...####.. ##..#...# # #.†#...# ####....# #.......# .##.....#.# #.#.....#.# #........# ##.##.÷..# Turn 46773 on Depths:2: fuck she's awake # ##.###.. # .. #.. # .#.. #.. # ..##.. #.. # ###Q.##.. #.. # ... ###..Q...#.. #.. ### ..# ###....# #.. ..### ..###..u†#.# #.§ #...### ..#...@#...#.. #.. #.....###......#...#.#.########.† .##.....##...#...#...#..##......§ ..#..[....###..#...#.#...#.....## ..#....#....###..#...#...#.....'. ..#...[#......###..#.#...#.....#) ..#..(.#........###..#...#.....#< ..#....########...###..###...).## #'#........................#'###. Turn 48462 on Depths:2: oh god ##..........T ####....D....... .. .p.#......... #+##.p p............ ...p###........ #....#...D..... ....p......... #.p###........ #@T##......... #...#.<....... #.##..T....... #.#...#....^.. ....#.......[. #.#T## ....... #.# ....... ..# ....... #...... Turn 50007 on Depths:4: man, what fucked up stair layout ....#...#..###...###........# # ........................##### # ####...........<...........# # ##...............#.#.....#.# #...<..#######[..#.####.##.# #....### #...##.#...#.## ##......# #...##.##.##.# ######### #...###.#.#.## ## #..@# #.###.# .### #...# ##.#.### # ...## #...# #...#.## ## ....## #...# ##'##..# #. .....# #...# #...##.# #. .....## #...# #...##.# #. ~.....# #...# #.≈.##.#####. ~~....# #...# #.≈.##....##. ≈~)...## #...# #.≈.#####.... Turn 50100 on Depths:3: i'm going to die stairdancing this shit ######################## .......................# .......................# #################......# .........).............# ).......[..).).........# ##..............§§.....# #+++#.......○°§§§§.#..# # #++'#C...L§@...#..# # #....§§§.§.#..# # #....§e..(.#..# # ###....§§§.#..# # #..§)§§..#..# . #.§.§§§§§#..# .. #.⌠.§§...#..# ... #........#..# .... #####e...#..# Turn 52659 on Vaults:5: orb of destruction ...............# ....#..>........ #....#......... #............ ###.........# ##.......#...## #.............## #......@......# #...#........... ##.#.....##..... ##.....### .... #........## ... ##.........## .. #...........# . #.....##....# #....####...# Turn 54597 on Slime:1: that's a potential death sentence ....J........... ................ ................ ................# .....#..>........ #....#......... #............. ###.........##. ##.....@.#...## #.............## ##.............## #...#...........# ##.#.....##.....# ##.....####..... #........###.... ##.........###... #...........# ... Turn 54745 on Slime:1: damn this time limit for the slime gem is rough ..............## ................# ..#..........#.# ..............^## ................# ................. ................# ................# .....#..@........ .#....#.......... ##.............. ###.........##.. ##.......#...## . #.............## ##.............## #...#...........# ##.#.....##.....# Turn 54784 on Slime:1: you cannot be serious ................## .................# ...#..........#.# ...............^## .................# .................. #................# #................# ......#..@........ #.#....#.......... # ##.............. ###.........##.. ##.......#...## . #.............## ##.............## #...#...........# ##.#.....##.....# Turn 54982 on Slime:1: hmm .............. . ............. .. ............ ...#........... .#............# ......>........ ............... #.....@...# #..........# #.............. #.............. ......#........ .....##...#.... #...# ......... .... #........ Turn 55188 on Slime:3: i have growing concerns about whether i should proceed #..............# ... ###.............# ###J... #..............####J..# #...............#...#.# #.................#...# ## ##...............#...#.###.## #...............####...##.... #...............## ##....... ##..........@....# ##........ ###...............###......... #............................. ##............................ #............................. #............................. ##............................ #............................ #............................ Turn 55597 on Slime:5: wait, that's it? .#.###..#....).[[# ...#.........[..)# ###.............[(# ###................## #..................## ####...................# ###......................# ###..?.....................# ##.=[.:.........@...........#. .[).[./[...................... ##).[%[[....................#.. .###.!(.....................### .#.###(.....................# .....####...................# ......###..................## ........###................## ........# ###..............(# Turn 56170 on Slime:5: i really hate how wild magic is supposedly a good mutation ...#.........[..)# ###.............[(# ###................## #..................## ####...................# ###......................# ###..?.....................# ###.=[.:.....................#. #.[).[./[.......@.............. ###).[%[[....................#.. #.###.!(.....................### ..#.###(.....................# ......####...................# .......###..................## .........###................## .........# ###..............(# ........####...#..........)..# Turn 56172 on Slime:5: ok, let's go with this ###.=[.:.....................#. ###.[).[./[...................... #.###).[%[[....................#. #.#.###.!(.....................## ....#.###(.....................# ........####...................# .........###..................## ...........###................## ...........# ###@.............(# ..........####...#..........)..# ...........#...#.###..#...).|).# .............#...# ####.(([".[)# ...........#...#.###.####.([""(# ..........####...##....####[?.(# ..........## ###........#.###.=# ...........# ##............##### ...........###..............#.## Turn 56179 on Slime:5: if it didn't here

:^)
.....#.........###..))^#....[....
..............###..÷...#.........
............###........#.....)...
..........### #####....#.........
...[....###.###...(##..#.........
......###...#.......#..#.........
...####....##....[..##.#.........
.###.......#.).......#.#........#
.'......⌠..')..z@....###.........
.###.......#....y....#.#.........
...####....##.......##.#.........
......###...#.......#..#.........
........###.###...+##..#.........
..........### #####....#.........
...##.......###........#........#
......#.......##......[#........#
......#........###..⌠..#........#


Turn 56998 on Depths:4: oh ,,,,,*****,,*,,***,**,* ,,,,,,,**##D###.##.#####
,,,,,*,,####.###.#..#### ,***,***.###.###....#### ,,,*,* *#D.#D####...####
,,,,,* ##...####....### *,,*,** ###...###..#..## *,,**,**####..##°..##..#
**,**,,*####..#D@..##..# **,**,,,.###..9...####.# **,,***,...#......######
,*,,**,*#....##...###### *,,,**,*#...###...###### **,,*,,*##.####...######
**,,,,,*##.####....##### ,,,,,,,*#.)####....##### ,,,,**,,...####.##..###* Turn
57554 on Zot:3: shit fuck cunt ,,,,,,,,....######...#...####....
,,,,,,,,...#.^.......#..###...... ,,,,,,,,..,#.#≈.≈#...#..# #.#≈.##
,,,,,,,,.,*#.#≈.≈≈..#...###.≈#.≈≈ ,,,,...,,**#...<................. ,,,,....**
#.≈≈.≈#.#≈.≈#.##.≈≈.#≈ ,,,,....#* #.#≈.≈#.≈#.#≈.##.#≈.≈#
****#....**#.[.......8...##...... *#....*#####@.^≈#.#≈.##......
**##....#####..[.##.≈#.##.....# ***,.............#.......##....##
<,,,>.............####...##...[## ,,,,........###....##....##...#* ,,,,.......##
##..............# ,,,,......#* ##......###...## ****.....#* ##....## ##..##
*,,,.....** ##..## ##..## Turn 57556 on Zot:2: fuuuck no ,,,*,,,,,,.##*
*#§§§§###.## **,* ,,******,,...#* #§§§§§.##.# *,, ,,*****,,,,...####§§§§..#°##
**, ,,**,,,*****....##§§§§..9.>## *, ,*,,,,** *##.§.#9##....°..## *# **,,,,,**
###.§§§§§####......#* # ,,,,***,*##...§§°§9§#####..#..#*#
,,,,****,......°§§§§..#*##.###.## **,,*,,,,*#...§°@§§§#..####.###.#
**,,,,**,*###.§§###.#**.###.###.. **,,****,* ##§§,,*.# *#..#.####. ,**,****,*
#..,,,,# ##...####. ,,,,,,,*,* **#.#,,*.#* ###...###9
**,,,,,,,***,.#*..*#.#*####..##.. ***,,,*,,,,,..**#.*#..#####..#.<.
***,,.....*...#*#.##....###...... *,,*##..#.*#...##..###(...#...... Turn 58175
on Zot:3: fucking dragon out of nowhere ##.##.####)d§§§§§..#..#**,*,***,,
......###.###.§§§#....#*,,*,* **, #...#....## #§§§##.....#,**,* *,
#..#..##.####§§###..#....**,* ** .....####.##...# #.###..##*,* ..<.##
#.#....#*#.#**..# *,** ....#####...#..##.#**,,,***,,*
...#.....#......#.#**,,,**,,,*** #####.#####.....@#**,,,,*,,*,*,* # *#.#
#.##..H°#*,*,,,,**,,,* * *.## *#.##.......*,,,***,,** ####.* **.....##...#..,**
*,,* .....****.....##*#..#,,** **,,* ####.,**....#.* *....,* *,,**
..##.,,...##..* **.....****,,* .....,,****#.#***,.....,,,,,** ...,,,**
**,,,**,,,,***,,,,,* * Turn 58230 on Zot:3: phew ..# ..# ...# ....# # #....#
#.#####...### #.☼@°.).....# #..○........# ...............# .....>.###...####
##..... ...# ###... #### ##.# #. Turn 58512 on Zot:4: it's nice enfeeble works
even on things supposedly immune to willpower checks
....).##.....<###.####.###.###### .####[##......'........# #....... .#
#.##.....)###.###### ######## .# #.##......# #.# #▓ ▓########.######## #######
#...............# ##....^. ##.......^.....## ##..^.... #.............#
##........ ...# ##........@..## #.......^. ...# #...........# #......... ...#
##...........## #......... ^..# #......^...^).# #....^.... ...#
##.............## #^......^. ...###...............###....=....
..###...###########...###^...^... .##....## ##...§##§...... .....###
###..§§§§p)... Turn 60581 on Zot:5: how do you do extended with a character like
this #.##......# #.# ▓########.######## ######### #...............# ##....^...
##.......^.....## ##..^...... #.............# ##.......... .# ##...........##
#.......^... .# #...........# #........... .# ##...........## #........... .#
#......^...^@.# #....^...... .# ##.............## #^......^...
.###...............###....=...... ###...###########...###^...^..... #....##
##....##§........ ...### ###...§§§p)..... ▓▓▓# #▓▓▓▓▓▓▓▓▓▓▓## Turn 60584 on
Zot:5: you probably don't, huh ▓# #▓▓▓▓▓▓▓▓▓▓▓##.. ▓▓▓▓........... ▓#
##▓.............. ..# ##................ ... ▓▓▓▓▓▓▓▓▓ #................. ...
▓▓.......▓▓▓.............^... ...▓▓.........▓▓.................
...▓...........▓................. .........0......@................
...▓......^....▓................. ...▓▓........^▓▓.......^......... ...
▓▓.......▓▓▓..........^...... ... ▓▓▓▓▓▓▓▓▓ ▓................. ..▓
▓▓.............^^^ ▓▓ ▓▓▓.............. ▓▓▓▓.........^. ▓▓▓▓▓▓▓▓▓▓▓ Turn 61399
on Zot:5: wow

Levels and vault maps discovered:
D:1:      minmay_arrival_doors, layout_basic, st_stairs_7
D:2:      minmay_alternating_diamond, layout_basic, uniq_sigmund, uniq_natasha,
          uniq_jessica
D:3:      lemuel_castle_with_subvaults [lemuel_castle_interior_carwin_1],
          layout_rooms, vehumet_statue, serial_shops, shop,
          kennysheep_decorative_pillar
D:4:      cheibrodos_thug_alley, layout_loops_cross, gup_sewer_entry_glass,
          wad_floor_pattern_untrapped, uniq_pikel, uniq_blork_the_orc,
          uniq_ijyb, uniq_crazy_yiuf_cottage
D:5:      layout_cave_pools, grunt_temple_overflow_open, nicolae_hexahallways
D:6:      layout_gridville, temple_green, minmay_misc_feat_room
D:7:      layout_cave_pods, minivault_4
D:8:      nzn_winding_woodlands_small [nzn_winding_woodlands_5x15_garden,
          nzn_winding_woodlands_center_diamonds,
          nzn_winding_woodlands_5x15_crooked], layout_cave_pods, uniq_grum,
          uniq_jeremiah
D:9:      layout_loops_cross
D:10:     layout_big_octagon, nicolae_ru_the_path_less_chosen,
          mainiacjoe_overflow_concentric_impassable, orc_0_dummy
D:11:     layout_gridville, grunt_lair_entry_orc_guard_hut, serial_shops,
          nicolae_shop_stone, uniq_snorg
D:12:     layout_basic, st_stairs_5, nicolae_shop_national_dungeon_mall,
          nicolae_stop_n_shop_2
D:13:     wad_pebble_path, layout_irregular_city, serial_shops, shop,
          gammafunk_ghost_necromancy
D:14:     layout_roguey, hellmonk_vaults_attempted_burglary, enter_trove_6,
          chequers_serial_rivers_room_b, minivault_1
D:15:     hangedman_depths_entry_civil_slaughter, layout_basic,
          gauntlet_entry_generic, tso_altar
Temple:   nicolae_temple_bog_church
Lair:1:   layout_long_grid
Lair:2:   layout_hall_layers, elwin_shoals_entry_rocks, grunt_megastairs_1,
          serial_bayou_shore_a
Lair:3:   lemuel_reptile_caves, layout_cave_shapes,
          nicolae_snake_entry_warm_welcome, gammafunk_lair_bear_cave,
          grunt_megastairs_5
Lair:4:   layout_loops_ring, basic_altar, minmay_stone_trees_small, uniq_nessos
Lair:5:   hellmonk_lair_end_abyssal_woods, layout_loops_ring,
          dpeg_slime_entry_enclosed, basic_altar
Shoals:1: layout_shoals, serial_shops, nicolae_shop_peninsula,
          nicolae_shop_mannequins, nicolae_shop_statue_plus,
          nicolae_square_shop, nicolae_shop_waterfront, abandoned_shop,
          nicolae_shoals_lost_giant_temple
Shoals:2: layout_shoals, serial_shops, bzr_entry_water, nicolae_shoals_so_close
Shoals:3: layout_shoals, uniq_polyphemus, uniq_jorgrun, uniq_ilsuiw
Shoals:4: shoals_end_hangedman, layout_shoals, nicolae_shop_overcharged_wands
Snake:1:  layout_rooms, serial_shops, shop, serial_bayou_shore_b
Snake:2:  layout_gridlike, nicolae_triple_integral
Snake:3:  layout_cave_town, nicolae_elevator_lobby_plus, minmay_shoptagon,
          lemuel_fruit_tree, uniq_agnes, uniq_louise
Snake:4:  grunt_snake_rune_spirals, layout_onion_interference, uniq_roxanne
Slime:1:  layout_caves, nicolae_slime_phagocytosis
Slime:2:  layout_caves, nicolae_slime_round_cave
Slime:3:  layout_caves
Slime:4:  layout_caves, uniq_dissolution
Slime:5:  slime_pit_nicolae_trefoil
Orc:1:    layout_diamond_mine, uniq_erolcha
Orc:2:    st_orc_town, layout_caves, serial_shops, nicolae_shop_real_fake_doors,
          minmay_orc_barracks
Elf:1:    eino_elf_arrival_shootout, layout_gridlike, minmay_elf_demonology
Elf:2:    elven_hall_of_blades_hangedman_original
          [nicolae_blade_entry_hurt_lockers], layout_loops_cross, serial_shops,
          nicolae_shop_temple_entry_statues_fountains, shop, uniq_aizul
Elf:3:    nooodl_elf_gasket, layout_geoelf_octagon
Vaults:1: nicolae_vaults_closet_pinwheel_6, nicolae_vaults_diagonal_hallway_9,
          serial_library_hellmonk_angled_corner,
          nicolae_vaults_big_angled_halls, nicolae_vaults_network_quinsquares
          [nicolae_vaults_network_quincunx_subvault,
          nicolae_vaults_network_quincunx_subvault,
          nicolae_vaults_network_quincunx_subvault,
          nicolae_vaults_network_quincunx_subvault], nicolae_vaults_triangles,
          nicolae_vaults_mini_display_case, vaults_room_semicircle,
          nicolae_vaults_closet_pinwheel_4, layout_vaults_ring
Vaults:2: nicolae_vaults_offset_grid_hallway_1, hangedman_vaults_impose,
          vaults_room_door_ring, nicolae_vaults_stepped_doors, v_misc_30,
          blue_anna_dwarven_crypt, dpeg_vaults_waves, nicolae_vaults_house_2,
          layout_vaults_omnigrid, uniq_nikola, uniq_margery
Vaults:3: v_misc_28, nicolae_vaults_closet_pinwheel_2, nicolae_vaults_diamond_1,
          vaults_standard_mumra_enter_the_diamond, v_misc_18,
          nicolae_vaults_turnstiles, nicolae_vaults_two_Ls,
          nicolae_vaults_more_shelving_1, vaults_room_semicircle,
          vaults_room_hallway, layout_vaults_omnibox, serial_shops,
          bzr_entry_islet, uniq_mara
Vaults:4: nicolae_vaults_door_testing_chamber, nicolae_vaults_trapezoid_4,
          nicolae_vaults_surprise_closet, v_pattern_4, ontoclasm_vaults_fault,
          nicolae_vaults_c_with_doors, nicolae_vaults_tetromino_Z_1,
          nicolae_vaults_diamond_1, nicolae_vaults_border_crossing,
          vaults_dpeg_cross, nicolae_vaults_little_squares_5,
          nicolae_vaults_tetromino_Z_1, layout_vaults_big_room, serial_shops,
          bzr_entry_road
Vaults:5
Depths:1: kennysheep_bubble_arena, layout_cave_pools, okawaru_ov_weapons_minmay,
          hangedman_tar_grid_catacomb, special_room [special_room_mythical_zoo],
          minmay_misc_feat_cross, kennysheep_generic_room_8
Depths:2: minmay_the_grid_triangle_9x9_rhombus_thin_mashed
          [minmay_the_grid_triangle_9x9_flanged_cone,
          minmay_the_grid_triangle_9x9_prize_top_heavy,
          minmay_the_grid_triangle_9x9_sparse_checkered,
          minmay_the_grid_triangle_9x9_windchime], layout_gridville,
          rand_demon_pan_entry_5, grunt_hell_entry_dis_grunt, elyvilon_altar_1,
          special_room [special_room_mythical_zoo],
          minmay_checkered_concentric_circles, minmay_shop_grove,
          minmay_staircase_windowed_small, uniq_sojobo, uniq_josephina
Depths:3: cross_vault, layout_twisted_cross, minmay_door_square,
          grunt_mini_vestibule, abyss_entry, drop_trap, grunt_decor_clamped,
          infiniplex_staircase_star
Depths:4: grunt_zot_entry_tricorne, layout_cave_shapes, enter_ziggurat_c,
          minmay_misc_feat_plants, pf_vacation_house_of_asmodeus,
          nzn_life_drinkers
Zot:1:    layout_gridlike, regret_index_zotdec_split_disrupt
Zot:2:    layout_cathedral_of_symmetry, basic_altar,
          hangedman_zot_decor_checkerboard, st_single_dragon_hoard_2
Zot:3:    layout_cathedral_of_symmetry, uniq_vv
Zot:4:    layout_misc_corridors
Zot:5:    layout_gridlike

Skill      XL: |  1  2  3  4  5  6  7  8  9 10 11 12 13 14 15 16 17 18 19 20 21 22 23 24 25 |
---------------+----------------------------------------------------------------------------+-----
Ranged Weapons | 1 2 3 4 5 7 8 12 15 17 19 20 22 23 24 | 24.1
Fighting       | 2 3 4 5 6 8 9 11 12 13 14 15 16 18 19 20 | 20.0
Stealth        | 1 2 3 4 5 6 8 9 12 | 12.0
Staves         | 4 6 7 9 |  9.8
Dodging        | 4 5 6 9 11 12 14 15 16 | 16.9
Invocations    | 1 5 8 10 12 | 12.0
Armour         | 4 6 7 8 9 |  9.0
Evocations     | 5 8 10 11 12 13 15 16 17 | 17.2
Translocations | 3 6 7 11 12 | 12.5
Spellcasting   | 2 3 7 11 12 14 15 16 | 16.0
Necromancy     | 5 |  5.0
Hexes          | 8 13 15 17 19 20 21 | 21.0
Alchemy        | 5 |  5.0
Earth Magic    | 3 |  3.0
Shields        | 6 7 |  7.0
Throwing       | |  2.0

Action                     |  1- 3 |  4- 6 |  7- 9 | 10-12 | 13-15 | 16-18 | 19-21 | 22-24 | 25-27 || total
---------------------------+-------+-------+-------+-------+-------+-------+-------+-------+-------++-------
  Melee: Quarterstaff      |    84 |   350 |   543 |    64 |       |       |       |       |       ||  1041
   Fire: Arbalest          |       |       |       |   864 |    47 |       |       |       |       ||   911
         Longbow           |       |       |       |       |  1192 |  1379 |  1648 |  1224 |       ||  5443
         Hand cannon       |       |       |       |       |       |       |       |   407 |   212 ||   619
  Throw: Throwing net      |     1 |     1 |     2 |       |       |       |       |       |       ||     4
         Dart              |       |    28 |    94 |    13 |     1 |       |       |       |       ||   136
         Boomerang         |       |       |     8 |       |       |       |       |       |       ||     8
   Cast: Blink             |       |       |       |       |     2 |     6 |     5 |    16 |       ||    29
         Enfeeble          |       |       |       |       |       |       |    88 |   172 |    30 ||   290
         Yara's Violent Un |       |       |       |       |       |       |    15 |    25 |       ||    40
         Passage of Golubr |       |       |       |       |       |       |     5 |    11 |     2 ||    18
         Discord           |       |       |       |       |       |       |       |     5 |       ||     5
         Tukima's Dance    |       |       |       |       |       |       |       |     2 |       ||     2
         Dimensional Bulls |       |       |       |       |       |       |       |    14 |     7 ||    21
         Apportation       |       |       |       |       |       |       |       |     7 |     1 ||     8
 Invoke: Shadow Form       |       |       |       |       |       |       |     1 |     1 |       ||     2
  Evoke: Wand              |       |       |     6 |     1 |     4 |     5 |     8 |    12 |       ||    36
         Tin of tremorston |       |       |       |       |       |     4 |     4 |       |       ||     8
         Box of beasts     |       |       |       |       |       |       |     1 |     2 |       ||     3
         Phantom mirror    |       |       |       |       |       |       |       |     1 |       ||     1
    Use: Potion            |       |     2 |     5 |     1 |       |     3 |     6 |     8 |     5 ||    30
         Scroll            |       |     2 |     6 |    10 |     6 |    11 |    14 |    13 |     1 ||    63
   Stab: Sleeping          |     4 |       |     5 |     1 |       |       |       |       |       ||    10
         Distracted        |     1 |       |       |       |       |       |       |       |       ||     1
         Invisible         |       |     1 |     3 |       |       |       |       |       |       ||     4
         Held in net/web   |       |     1 |     1 |       |       |       |       |       |       ||     2
 Armour: Leather armour    |    28 |    13 |       |       |       |       |       |       |       ||    41
         Ring mail         |       |   224 |   210 |       |       |       |       |       |       ||   434
         Acid dragon scale |       |       |   147 |   382 |   105 |   177 |   304 |   342 |    63 ||  1520
         Quicksilver drago |       |       |       |       |    20 |       |       |       |       ||    20
  Dodge: Dodged            |    45 |   229 |   345 |   710 |   270 |   355 |   518 |   768 |   154 ||  3394
  Block: Buckler           |       |       |       |       |       |       |       |    81 |    61 ||   142
